Workbook
Name _200_SG_140367_034: Signalling!$A$39

Sheet Active Waivers Library
A1: Engineering Active Waivers Library (Internal only)
A2: ACTIVE WAIVERS

Sheet Signalling
A1: Engineering Waiver Approval Register Engineering Procedure EGP-02-01
A2: Signalling
A3: Waiver No. (EWAF) & File Link | B3: Status | C3: Start Date | D3: Expiry Date | E3: Close Out Date | F3: ARTC Corridor | G3: Line / Location | H3: Relevant Standard | I3: Clause or Section | J3: Waiver Description | K3: Originator (& company if not ARTC) | L3: Approval Date | M3: Closed Out By
A4: SW026 | B4: Completed | C4: 37552 | D4: N/A - Permanent | E4: 45987 | F4: Hunter Valley | H4: SMP30 | I4: 1.2 | J4: Widening of point lock slide notch to allow lock to be caorsely adjusted for plunger to enter lock | K4: John Gifford | M4: Melanie Mackie
A5: SNW05001JG | B5: Closed | C5: 38359 | D5: 38373 | E5: 38989 | F5: NSW North Coast | H5: SMP23 | J5: Resistance for BX cable insulation | K5: John Gifford | M5: Gustavo Aguilar
A6: 300/SG/121005/001 | B6: Completed | C6: 38637 | D6: N/A - Permanent | E6: 45987 | F6: NSW North Coast, North West and Hunter Valley | H6: SMP36 SMP45 | I6: 1 2.d | J6: Increase the time between the inspection of active level crossing inspection installations, by signal engineers, by a factor of 2 from SMP 36 Section 1, page 7 and SMP 45 Section 2 (d). Waiver required until Standards are updated. | K6: John Gifford | L6: 38681 | M6: Melanie Mackie
A7: 150/SG/010206/002 | B7: Not Required
A8: 900/SG/310306/003 | B8: Not Required
A9: 900/SG/310306/003 | B9: Not Required
A10: 500/SG/170506/005 | B10: Active | C10: 38854 | D10: TBA - to be corrected at next change out of the GIJs | E10: TBA | F10: NSW West | H10: SDS17 | I10: 17.3 | J10: To permit insulated rail joints to be up to 5m (+/- 1m) past main line indicator and trailing point indicator for Kinalung loop extension (1064.566km to 1066.602km) | K10: Patrick Gray | L10: 38859 | M10: TBA
A11: 500/SG/010606/006 | B11: Closed | C11: 38869 | D11: 38905 | E11: 39248 | F11: NSW West | G11: Kinalung | J11: VPI power supply common connected to earth. Single powers supply configuration only and must have 400K to earth. ELD to be operational and not fault. All cable and wiring insulation to be recently tested and to standard. | K11: Lionel Portela (United Group) | L11: 38870 | M11: Trevor Moore 15/06/2007
A12: 800/SG/060606/007 | B12: Closed | C12: 38874 | D12: TBA - pending revision of Standard | E12: 39415 | F12: NSW | H12: SMP33 | I12: 2.m | J12: To allow battery cupboard to be locked only and not sealed as required in the Standard SMP 33, Clause 2 (m). | K12: Bob Taylor | L12: 38874 | M12: Trevor Moore
A13: 400/SG/100706/008 | B13: Completed | C13: 39814 | D13: N/A - Permanent | E13: 45987 | F13: NSW North West | G13: Werris Creek | H13: SDS06 | I13: 6.4 | J13: Permit installation of flat sign to be placed on sleeper in lieu of clearance posts as per SDS 06 clause 6.4 as per attached photographs. Approval Conditions: Proposed controls to be implemented. Waiver to apply for Werris Creek Yard only. | K13: Kandiah Nithiyananthan | L13: 39031 | M13: Melanie Mackie
A14: 500/SG/240706/009 | B14: Closed | C14: 38922 | D14: TBA - pending type approval | E14: 39052 | F14: NSW West | G14: Matakana | J14: Usage of GCP 4000 Level Crossing Predictor. Evaluation complete and awaiting submission to Safety Committee. GCP3000 already has extensive use in ARTC. | K14: Trevor Moore | L14: 38922 | M14: John Cowie 01/12/2006
A15: 200/SG/180806/010 | B15: Completed | C15: 38952 | D15: N/A - Permanent | E15: 45987 | F15: Hunter Valley | H15: SCP04, SPS02 | J15: To allow for a Transient Control filter/clamp rated at 10A for a 24V AC/DC supply (part number TC-10A 24) to be used to provide surge protection for the Kingfisher RTU installation at Maitland Signal Box. Waiver required pending formal equipment approval. | K15: Javier Gonzalez, US&S | L15: 38952 | M15: Melanie Mackie
A16: 200/SG/210806/011 | B16: Closed | C16: 39320 | D16: 39051 | E16: 39162 | F16: Hunter Valley | G16: Sandgate | H16: BDS12 | J16: To allow M106.1 Down Main signal at 170.807km and M106.7 Down Main Signal at 171.649km to stand within the structure gauge per attached diagrams giving distances to rail. Controls: 50kph speed and reduced background on signals. | K16: Kevin Hure | L16: 38950 | M16: Trevor Moore
A17: 200/SG/230806/012 | B17: Closed | C17: 38952 | D17: 40543 | E17: 40499 | F17: Hunter Valley | G17: Sandgate | H17: SCP14 | J17: To allow for the use of OSD1250 optical fibre modems on the Sandgate Grade Separation. Temporary waiver while the equipment passes through the type approval process. | K17: John Aitken, US&S | L17: 38954 | M17: John Furness
A18: 100/SG/180906/013 | B18: Completed | C18: 39234 | D18: N/A - Permanent | E18: 45987 | F18: Western Jurisdiction | G18: Dry Creek to Outer Harbour | H18: SC 03 01 | I18: 3.3 | J18: SC 03 01 Clause 3.3 - 7 x active level crossings - Birkenhead to Pelican Point (16 - 22.0km) - Allow only one gong per level crossing due to minimal pedestrian movements and closeness of residences on one side. This is result of stakeholder and community consultation. | K18: Matt Hart | L18: 38978 | M18: Melanie Mackie
A19: 400/SG/200906/014 | B19: Closed | C19: 38980 | D19: 42774 | E19: N/A | F19: NSW North West | G19: North - Binnaway to The Gap and Binnaway to Merrygoen | H19: SDS19 | I19: 19.1 | J19: Receptacle Key has been used for release of Annett locks on ground frames. Due to stolen OTRS and key propose to change to Operator Key and lock in lieu of Annett key and lock. Location boards and Manual Point Indicators (MPI) are also installed | K19: Jason Leonard | L19: 26/09/2006 issued 07/11/06 Extended 11/12/2006 | M19: Robert Rath
A20: 300/SG/210906/015 | B20: Closed | C20: 39114 | D20: 39232 | E20: 39247 | F20: NSW North Coast | H20: SC 09 01 | I20: 6.11 | J20: SC 09 01 Clause 6.11 - To enable diversion of signalling line route for civil works at Nammoona approval is given to share the 50mm UPVC conduit carrying the optic fibre for Casino - Acacia Ridge CTC project with the temporary staff line diversion (4mm2 twin) for a period of 16 weeks prior to commissioning. Condition: Cable should be double insulated and nylon sheathed | K20: Chris Gormlie, US&S | L20: 39009 | M20: Chris Gormlie 14/06/2007
A21: 700/SG/270906/016 | B21: Completed | C21: 39173 | D21: N/A - Permanent | E21: 45987 | F21: NSW South | G21: Main South - Cunningar to Wallendbeen | H21: SCP17 | I21: 17.6 | J21: Due to limited clearance between track centres at the nominated locations, the new 1:12 crossovers to be installed there cannot include the mid crossover GIRJs that delineate the track circuits on the roads. As such, the resulting bonding arrangement proposed (see attachment 1) is not accordance with SCP 17. Please note that this arrangement is regularly installed in Victoria (see example in Attachment 2). | K21: David Rogers, SIA | L21: 39147 | M21: Melanie Mackie
A22: 500/SG/271006/017 | B22: Closed | C22: 39017 | D22: 39172 | E22: 39169 | F22: NSW West | G22: Matakana and Kinalung | H22: PP122 | J22: To allow use of Trio ER450 Gen II Radios modified to operate in FCC Level 2 non-packet mode at Matakana pending certification by the ACMA (Australian Communications and Media Authority). 01/02/2007 extended to also cover radios used at Kinalung | K22: Patrick Gray | L22: 39020 | M22: Trevor Moore
A23: 200/SG/291106/018 | B23: Closed | C23: 39171 | D23: 39813 | E23: 39890 | F23: Hunter Valley | G23: Main & Coal | J23: To exempt ARTC from undertaking routine maintenance as required by work group 200ELE on the 11,000 volt transmission line that supplies power to signalling and associated facilities throughout the Hunter Valley which is scheduled for decommissioning and removal from 30 March 2007 to 30 December 2007. Visual safety inspections to poles will continue until removal is completed. | K23: Geoff Berry | L23: 39167 | M23: Geoff Berry/Clinton Crump
A24: 700/SG/241006/019 | B24: Closed | C24: 39083 | D24: 39630 | E24: 39631 | F24: NSW South | G24: Main South | H24: SDS00 | I24: 1.1.3 | J24: HVI track circuits will not be immediately installed on newly motorised turnouts - existing DC track circuits will initially remain. HVI track circuits have a very long lead time and will not be available until after the planned commissioning . When the equipment becomes available, the DC track circuits will be changed to HVI circuits. | K24: David Rogers, SIA | L24: 39036 | M24: David Rogers 02/07/2008
A25: 700/SG/301006/020 | B25: Closed | C25: 39147 | D25: 39538 | E25: 40393 | F25: NSW South | G25: Main South - Picton | H25: SDS02 | I25: 2.2.3 | J25: To allow non-rectification of a know existing deficiency whereby the 1820m distance between consecutive signals 51.7 and P11 (52.5) represents 190% overbraking and the sighting and overlap distance does not complly with SDS 02 Clause 2.2.3. Approval condition: Signal 51.7 braking distance to be addressed with section resignalling | K25: David Rogers, SIA | L25: 39147 | M25: Trevor Moore
A26: 700/SG/131206/021 | B26: Closed | C26: 39083 | D26: 40543 | E26: 40578 | F26: NSW South | G26: Main South - Picton area | J26: Interim approval for evaluation of inverter units in service as a pre-requisite for Equipment Approval. Service reliability and performance test results will be reviewed after 3 months and Equipment Approval assessment completed. | K26: Trevor Moore | L26: 39065 | M26: Trevor Moore
A27: 200/SG/221206/022 | B27: Closed | C27: 39085 | D27: 39085 | E27: 39091 | F27: Main South | H27: SMP25, SMP26, NSG220 | I27: 1.7 | J27: Approval for recertification of rail vehicle detection (after 96 hour Wagga Viaduct possession). This does not apply to rerailing activities. Track Block working for passage of 2 trains on each track circuit. Minimum of 4000 Tonnes of train movement before removal of track block working. CAN warning of 2 trains in each direction for Level Crossing. See waiver for Controls. | K27: Ken Driver | L27: 22/12/2006 Amended 02/01/2007 | M27: Ken Driver
A28: 600/SG/310107/023 | B28: Not Required
A29: 700/SG/080207/024 | B29: Completed | C29: 39123 | D29: N/A - Permanent | E29: 45987 | F29: NSW South | G29: Main South - Bundanoon and Wingello | H29: ANTR418 | J29: Waiver to confirm that Network Rule ANTR418 does not require Yard Limit (YL) and End Yard Limit (EYL) boards to be fitted to the new auto signals in the vicinity of the crossovers and sidings at Bundanoon and Wingello. These crossovers and sidings will be released by Junee TCCS operator for local operation of associated ground frames. | K29: David Payne, US&S | L29: 39122 | M29: Melanie Mackie
A30: 700/SG/130207/025 | B30: Completed | C30: 39147 | D30: N/A - Permanent | E30: 45988 | F30: NSW South | G30: Main South - Moss Vale, Stockinbingal, Harden, Junee, Cootamundra | H30: SC 02 01 | I30: 4.2.4 | J30: Signal Mast/Gantry wiring is to be 7/0.5mm which is less than the cable size of 7/0.85. The standard requires the internal wiring of the signal mast to be at least the same size as the cable wired to it. However this is not possible for the cable size used due to the number of cores required, space limitations and bending radii concerned. | K30: David Rogers, SIA | L30: 39147 | M30: Melanie Mackie
A31: 900/SG/230207/026 | B31: Completed | C31: 39136 | D31: N/A - Permanent | E31: 45989 | F31: Network wide | H31: SPS49 | J31: SPS 49 - To allow Stainless Steel Conductor resistance = 120 ohms/km | K31: C J Slater, Olex | L31: 39136 | M31: Melanie Mackie
A32: 700/SG/050307/027 | B32: Closed | C32: 39146 | D32: 39390 | E32: 39421 | F32: NSW South | G32: Stockinbingal | H32: SCP18 | I32: 5.1.2 | J32: Install temporary split sleeve base to hold the signal mast in position until such time the frangible base is supplied Approval condition: For level crossing signal masts only | K32: George Vanek, SIA | L32: 39136 | M32: Scott Croker
A33: 600/SG/270207/028 | B33: Not Required
A34: 900/SG/060307/029 | B34: Completed | C34: 39147 | D34: N/A - Permanent | E34: 45987 | F34: Network wide | J34: To allow standard conductor resistance = 3.39 ohms/km which is within Australian Standard range. Conductor resistance called for by customer = 3 ohms/km. | K34: Janette Aitken, Olex | L34: 39147 | M34: Melanie Mackie
A35: 700/SG/070307/030 | B35: Closed | C35: 39151 | D35: 39294 | E35: 39287 | F35: Melbourne to Sydney - TCC projects | J35: To temporarily approve the installation of the Enatel RW512u 12v 35A wallmount rectifiers for the Power Supply for the TCC Signalling Works subject to type approval being granted following in service trials. These are being offered as a replacement to the Trisan 12v 40A Power Supply that is currently approved for use in NSW. The Trison 12v 40A Power Supply units currently have a long lead time which would delay the commissioning at Stockinbingal on the 19th March 2007 and future TCC projects. The Enatel Rectifiers are readily available and are suitable for the task. | K35: R Vaughan, SIA | L35: 39157 | M35: Trevor Moore
A36: 700/SG/070307/031 | B36: Completed | C36: 39181 | D36: N/A - Permanent | E36: 45987 | F36: NSW South | G36: Harden | H36: SDS01 | I36: 1.13.2 | J36: To allow position of signals adjacent to a point at Harden (388.185km - Up and Down). See waiver form for futher details | K36: Robert Schweiger, SIA | L36: 39177 | M36: Melanie Mackie
A37: 700/SG/090307/032 | B37: Completed | C37: 39150 | D37: N/A - Permanent | E37: 45988 | F37: NSW South | G37: Main South - Bundanoon | H37: ESN-06-01 | J37: ESN-06-01 - To allow positive start for level crossing GCP to be achieved by use of 100m additional DAX island track and 293m of positive start on main GCP. This meets the requirement of 377m calculate for positive start. | K37: N. Arman Haris, US&S | L37: 39150 | M37: Melanie Mackie
A38: 800/SG/140307/033 | B38: Closed | C38: 39155 | D38: 40421 | E38: 40420 | F38: All NSW | H38: SMS15 | I38: 1.1.4 | J38: SMS 15 Clause 1.1.4 - Increase maintenance latitudes from 1 week or 4% to 12 days for all signalling equipment listed in services schedules | K38: Ken Driver | L38: 39157 | M38: 40420
A39: 200/SG/140307/034 | B39: Completed | C39: 39155 | D39: N/A - Permanent | E39: 42774 | F39: Hunter Valley | G39: Sandgate | H39: SCP14 | J39: To allow Evaluator boards to be replaced with Integrated Micro Controller boards, pending equipment approval, Up coad road, 242A Track Axle Counters Q1 & Q2 RSR180 to rectify miscounts due to HiRail and track maintenance vehicles | K39: John Gifford | L39: 39155 | M39: Robert Rath
A40: 700/SG/150307/035 | B40: Closed | C40: 39157 | D40: 40543 | E40: 40499 | F40: NSW South | G40: Main South - TCC projects | H40: SCP14 | J40: To allow for the use of OSD1250 optical fibre modems on TCC projects. Temporary waiver while the equipment passes through the type approval process as per EWAF 200/SG/230806/012. | K40: Robert Schweiger, SIA | L40: 39157 | M40: John Furness
A41: 200/SG/190307/036 | B41: Closed | C41: 39160 | D41: 39263 | E41: 39265 | F41: Hunter Valley | G41: Islington | J41: Extend the latitude of the 2 yearly locking test for the Islington signal box (due on 20/03/2007) by 3 months. The Islington signal box and lever frame will be permanently de-commissioned in June 2007 as part of the Train Control Consolidation project | K41: Mark Blaik | L41: 39161 | M41: Mark Blaik
A42: 700/SG/200307/037 | B42: Closed | C42: 39161 | D42: 39162 | E42: 39265 | F42: NSW South | G42: Main South | H42: SMP25, SMP26, NSG220 | I42: 1.7 | J42: Approval for recertification of rail vehicle detection (after 72 hour Cootamundra rail overbridge possession). This does not apply to rerailing activities. Track Block working for passage of 2 trains on each track circuit with speed limited to 30kph. Minimum of 4000 Tonnes of train movement before removal of track block working. CAN warning of 2 trains in Up direction for Level Crossings | K42: Andrew Muscal | L42: 39162 | M42: Andrew Muscal
A43: 500/SG/050407/038 | B43: Closed | C43: 39234 | D43: 39813 | E43: 40116 | F43: NSW West | H43: SDS 25 | I43: Sheet A64 part 2/3 | J43: Trial between Narromine and Peak Hill to install a double pole circuit breaker with a pole in each leg of the line battery circuit at both end of the staff section. | K43: Kevin Brown | L43: 39219 | M43: Kevin Brown
A44: 800/SG/050407/039 | B44: Completed | C44: 39177 | D44: N/A - Permanent | E44: 45987 | F44: All NSW | H44: SPS49 | I44: 6.2.1 | J44: To allow use of steel wire rope (Blue Tint Insulation) conforming to Certificate Number WO589 but is not listed in NSW Standard SPS 49 (clause 6.2.1). The product has been trialled in NSW in various locations with no adverse effects. Conductor size does alter from 7 strand to 6 strand with no adverse effect to performance. | K44: Ken Driver | L44: 39177 | M44: Melanie Mackie
A45: 700/SG/130407/040 | B45: Completed | C45: 39188 | D45: N/A - Permanent | E45: 45987 | F45: NSW South | G45: Main South | H45: SDS01 | I45: 1.12.2.5 | J45: SDS 01 Clause 1.12.2.5 - To allow signals JE67 and JE69 at Junee to have a stagger of approximately 71m. The standard suggests that the stagger between signals on parallel tracks SHOULD not exceed 60m. JE69 is placed on rear of JE67 to provide greater flexibility of train operations at Junee station. | K45: David Rogers, SIA | L45: 39196 | M45: Melanie Mackie
A46: 700/SG/130407/041 | B46: Completed | C46: 39188 | D46: N/A - Permanent | E46: 45987 | F46: NSW South | G46: Main South | H46: ESN-06-01, SDS01 | J46: ESN-06-01 - The guideline, released in Jan 07, suggests that enhanced mode of GCP detection SHOULD be used. The guideline does not require retrospective action. The scheme design was finalised by Jan 07 and it is not possible to move the level crossing approaches to the enhanced detection position in all cases. To maintain consistency, normal mode detection shall be used for the following level crossings: Nubba Rd Level Crossing 401.402km; Boorowa Rd Level Crossing 381.146km; Private Level Crossings at 382.702km; 383.410km and 384.860km. | K46: David Rogers, SIA | L46: 39196 | M46: Melanie Mackie
A47: 700/SG/190407/042 | B47: Closed | C47: 39380 | D47: 40117 | E47: 40105 | F47: NSW South | G47: Main South | H47: SC 08 01 | I47: 5.4.2 | J47: Boot Leg Risers (Pot Heads) that are already deficient to standard, are not required to be brought in line with the standard as part of the SIA track works. | K47: Robert Schweiger, SIA | L47: 39380 | M47: Neil Sheedy
A48: 700/SG/230407/043 | B48: Not Required
A49: 200/SG/260407/044 | B49: Completed | C49: 39226 | D49: N/A - Permanent | E49: 42774 | F49: Hunter Valley | H49: SCP 14 | J49: Compton Greaves Relays have been purchased for us on Muswellbrook Loop Extension works. From the design, to operate points, the design requires 12 volt QBCA1 relays. Referring to ARTC Type Approval Document 08-08-10-044, QBCA1 12 Volt Compton Greaves relays are not type approved. It is noted that QBCA1 50 Volt relays are type approved. The only type approved 12 volt QBCA1 relays are supplied by Westinghouse which have quoted a lead time of 16-18 weeks. Selectrix can supply the 12 volt relay within the time frame for project delivery. | K49: Craig Doorey | L49: 39211 | M49: Robert Rath
A50: 200/SG/260407/045 | B50: Completed | C50: 39226 | D50: N/A - Permanent | E50: 45987 | F50: Hunter Valley | H50: SC 08 01 | I50: 2.3.2.1 & 2.3.1 | J50: To place New MK25 Signal (288.298km) at Muswellbrook 2100mm from the loop line and 1750mm from the siding. MK25 Signal, protecting 57 crossover is to be placed between the Loop line and the Coal siding. Track centres are insufficient to allow 3m distance from running face to centre of signal without affecting structure gauge of coal siding. Distance between loop and coal siding at installation site is 3.85m. | K50: Craig Doorey | L50: 39211 | M50: Melanie Mackie
A51: 700/SG/010507/046 | B51: Not Required
A52: 200/SG/030507/047 | B52: Closed | C52: 39205 | D52: 39537 | E52: 39535 | F52: Hunter Valley | H52: SMS 08 | I52: 1.1 | J52: Muswellbrook (288.500km) - Modify existing tangential switch point clips to enable them to be fitted to the two Cogifer 18.5 swing nose crossings being installed on 2/3 May 2007. This will be a temporary measure while the turnout manufacturer designs, manufactures and seeks approval for a point clip suitable to these crossings. This will occur prior to commissioning the turnouts in late May. Commissioning may not now be complete until after the next major possession on 12 Mar 2008. | K52: Darren Mosman, ARTC HV Major Projects | L52: 39205 | M52: Chris Puslednik
A53: 200/SG/140507/048 | B53: Closed | C53: 39256 | D53: 39318 | E53: 39308 | F53: Hunter Valley | H53: SC 07 01 | I53: 15 | J53: "Earth Leakage Detectors shall be installed on all vital supplies inclusive of the 50 volt DC….." The suppliers of the ELDs are 3 months late in their delivery and it is unlikely that they will be provided prior to commissioning the sections under stages 1 and 2 of this project. Controls are regular Earth Leakage Test (two monthly until rectified) and external cables double switched. When supply is received the units will be installed. An alternative is being investigated. | K53: Scott Jackson, US&S | L53: 39218 | M53: Scott Jackson
A54: 200/SG/170507/049 | B54: Completed | C54: 39202 | D54: N/A - Permanent | E54: 45987 | F54: Hunter Valley | H54: ESA-02-01 | I54: 5.8 | J54: Waiver is sought for non-compliance with ARTC cable spec ESA-02-01 for two runs of 2c power cable between Antiene Power Hut, MK3 Location and MK75 Location. US&S are unable to procure this cable in time to meet construction schedule and wish to run a cable to QR specification instead. Please refer to the attached specification for details of the cable construction. The cable has PVC inner sheath followed by a nylon termite resistant jacket. This particular cable has also had a double outer PVC sheath applied to provide Orange colour. Thus the cable construction closely approaches the requirement of the ARTC specification. The cable will run in PVC Conduit to provide extra protection. The installers have been advised to take extra care during cable pulling to ensure that the outer PVC sheath is not damaged. | K54: Brian Smith, US&S | L54: 39219 | M54: Melanie Mackie
A55: 200/SG/230507/050 | B55: Closed | C55: 39226 | D55: 39309 | E55: 39316 | F55: Hunter Valley | J55: Interim approval for commissioning of 5 Vossloh points and Cogifer point motors at Muswellbrook. Type Approval is being progressed and these pilot installations will provide details for completion of engineering instructions for use of equipment. | K55: John Gifford | L55: 39227 | M55: Trevor Moore
A56: 200/SG/140607/051 | B56: Closed | C56: 39247 | D56: 39252 | E56: 39287 | F56: Hunter Valley | G56: Maitland to Newdell | H56: SMP 25 | I56: 1.7 | J56: (192km - 262km) Approval for recertification of rail vehicle detection (after 5 day closedown due to flood and track damage). This does not apply to rerailing activities. Track Block working for passage of 2 trains on each track circuit with speed limited to 30kph. Minimum of 4000 Tonnes of train movement before removal of track block working. CAN warning of 2 trains in each direction for Level Crossings. See waiver for Controls. | K56: Darryl Stewart | L56: 39247 | M56: Trevor Moore
A57: 200/SG/140607/052 | B57: Closed | C57: 39247 | D57: 39252 | E57: 39287 | F57: Hunter Valley | G57: Islington to Maitland | H57: SMP 25 | I57: 1.7 | J57: (164km - 192km) Approval for recertification of rail vehicle detection (after 5 day closedown due to flood and track damage). This does not apply to rerailing activities. Track Block working for passage of 2 trains on each track circuit with speed limited to 30kph. Minimum of 4000 Tonnes of train movement before removal of track block working. CAN warning of 2 trains in each direction for Level Crossings. See waiver for Controls. | K57: Darryl Stewart | L57: 39247 | M57: Trevor Moore
A58: 300/SG/140607/053 | B58: Closed | C58: 39247 | D58: 39252 | E58: 39287 | F58: Hunter Valley | G58: Maitland to Patterson | H58: SMP 25 | I58: 1.7 | J58: (192km - 215km) Approval for recertification of rail vehicle detection (after 5 day closedown due to flood and track damage). This does not apply to rerailing activities. Track Block working for passage of 2 trains on each track circuit with speed limited to 30kph. Minimum of 4000 Tonnes of train movement before removal of track block working. CAN warning of 2 trains in each direction for Level Crossings. See waiver for Controls. | K58: Darryl Stewart | L58: 39247 | M58: Trevor Moore
A59: 400/SG/140607/054 | B59: Closed | C59: 39247 | D59: 39252 | E59: 39287 | F59: NSW North West | G59: Muswellbrook to Werris Creek | H59: SMP 25 | I59: 1.7 | J59: (262km - 409km) Approval for recertification of rail vehicle detection (after 5 day closedown due to flood and track damage). This does not apply to rerailing activities. Track Block working for passage of 2 trains on each track circuit with speed limited to 30kph. Minimum of 4000 Tonnes of train movement before removal of track block working. CAN warning of 2 trains in each direction for Level Crossings. See waiver for Controls. | K59: Darryl Stewart | L59: 39247 | M59: Trevor Moore
A60: 150/SG/190607/055 | B60: Closed | C60: 39245 | D60: 39994 | E60: 40452 | G60: Somerton Loop | H60: ENG-SE-SPE-0001 | I60: 400.14.10 and 400.14.6 | J60: 1. Signage to be added at entrance to sidings 2. Two track circuit timers to be altered | K60: John Gifford | L60: 39245 | M60: John Furness
A61: 800/SG/220607/056 | B61: Closed | C61: 39255 | D61: 39660 | E61: 39672 | F61: All NSW | J61: Extension of Staff Certification period for Signal Managers, Signal Engineers, Signal Electricians, Signal Fitters, Signal Sectionmen for an additional period of 12 months in addition to the current 3 year period | K61: John Gifford | L61: 39255 | M61: John Gifford
A62: 700/SG/040707/057 | B62: Not Required
A63: 900/SG/040707/058 | B63: Closed | C63: 39267 | D63: 40543 | E63: 40666 | F63: Network wide | H63: SPS 29, SPS 22, SPS 05 | J63: Allow use of Store 170 - Power supply for DC track circuits with battery backup pending completion of New Equipment Approval. Units to be used in accordance with existing signalling circuit configuration. | K63: Trevor Moore | L63: 39280 | M63: John Furness & Mark Skanes
A64: 200/SG/120707/059 | B64: Closed | C64: 39290 | D64: 39474 | E64: 40114 | F64: Hunter Valley | H64: SC 09 01 | I64: 5.3 | J64: To enable the civil works to commence at Mangoola and Wollar the proposal is to divert the signalling line route via a temporary staff line of surface run cables inside a 65mm heavy duty conduit. 4mm2 TPS cable will be utilised for a period of 22 weeks, until Ulan CTC is commissioned. | K64: Scott Jackson, US&S | L64: 39315 | M64: Moemedi Goitsemang
A65: 500/SG/160707/060 | B65: Closed | C65: 39278 | D65: 40724 | E65: 40793 | F65: NSW West | G65: Dubbo | H65: SPS 11 | I65: 11.1.4.10 | J65: Allow Signalling Stencil Route Indicator manufactured by Aldridge Signals with smaller font and with additional dispersion lenses to be installed for trial at Dubbo with a view to New Equipment Approval. Original Stencils delivered from Aldridge were unreadable because of full letters of the stencils were not lit by the WRSA modules. Dubbo Stencil units to be inspected at factory before despatch to site. Units to be on trial for 3 months to check readability in all weather conditions and check for driver comments. | K65: Christiaan Wessels, HV & NC Signalling Alliance | L65: 17/07/2007 | M65: Tofiq Ahmed & Mike van de Worp
A66: 200/SG/260707/061 | B66: Closed | C66: 39290 | D66: 39478 | E66: 39547 | F66: Hunter Valley | H66: SPS 16 | I66: 4 | J66: Install a VAE 'SpheroLock' point drive and locking mechanism in place of an ARTC approved "ClawLock' mechanism to connect the point motor to the point blades and lock the blades closed against the stock rails. Trial installation at Kooragang Island pending assessment and system approval | K66: Trevor Moore | L66: 39293 | M66: John Furness 09/04/2008
A67: 900/SG/270707/062 | B67: Closed | C67: 39295 | D67: 40908 | E67: TBA | F67: Network wide | H67: SPS 49 | I67: 5; 8.1 | J67: The stranding of the galvanised steel provided is 7/19/0.3mm. The larger size is to ensure we don't exceed the maximum conductor resistance value in Clause 8.1 of SPS 49. Measured values of CR achieved are below the 28 + 1.5 ohm/km i.e. CR: 25.6 to 26.0 ohm/km@20C. Condition: To be cancelled following intended review of standard. | K67: Alfio Vasta, Prysmian Power Cables & Systems & Trevor Moore | L67: 39301 | M67: TBA
A68: 150/SG/270707/063 | B68: Completed | C68: 39309 | D68: N/A - Permanent | E68: 45987 | F68: Victoria | G68: North East Line | J68: Nominate overlap requirements for the passing lanes on Victorian North East line where there is no enforcement of train braking. For low speed or conditional aspect cleared signals overlap is 100m, for normal speed signalled approaching trains overlap is 200m and where speed greater than 100kph for freight and 120kph for passenger trains overlap is increased to 300m. Where gradient of section is greater than 1 in 100 falling then overlap distance shall be increased by 100m. | K68: Trevor Moore | L68: 39309 | M68: Melanie Mackie
A69: 700/SG/010907/064 | B69: Completed | C69: 39326 | D69: N/A - Permanent | E69: 45987 | F69: NSW South | H69: SMP 36 SC 03 01 | I69: 5 | J69: Dampier Field Siding Level Crossing is a manually controlled level crossing operated by Shunter push buttons. The level crossing is to be powered by local signalling supply with motor generator back up, no batteries, charger, monitor, test switch and PSI lights will be installed. No daily test will be conducted. | K69: Ken Driver | L69: 39335 | M69: Melanie Mackie
A70: 150/SG/280807/065 | B70: Not Required
A71: 300/SG/310807/066 | B71: Closed | C71: 40087 | D71: 40390 | E71: 40389 | F71: NSW North Coast | G71: Braunstone | H71: SDS 18 | J71: SDS 18 covers protection at public level crossings. The proposal is for a failsafe warning device which is different from the normal active level crossing protection. The warning sign shows lights out when a train is approaching. | K71: Richard Crooks | L71: 39325 | M71: Trevor Moore
A72: 700/SG/240807/067 | B72: Closed | C72: 39318 | D72: 39447 | E72: 39377 | F72: NSW South | H72: SMP 22 | I72: 1.3 | J72: Cootamundra North and South signal boxes are due for periodic maintenance interlocking testing during August 2007. Both signal boxes become redundant during October 2007. Testing to be deferred for 3 months until decommissioned. Signal boxes due to be decommissioned on 18 Sep 07. No known problems. Approval condition: Approved provided the signal boxes are decommissioned on 18 Sep 2007. | K72: Ken Driver | L72: 39335 | M72: Hassan Elaina
A73: 400/SG/120907/068 | B73: Closed | C73: 39357 | D73: 39631 | E73: 39625 | F73: NSW North West | H73: SC 09 01 | I73: 5.3 | J73: To enable the civil works to commence at Willow Tree the proposal is to divert the cabling from underground to surface in conduit thus enabling the civil contractors to proceed with the building of the new trackwork which impinges on the current cable route. Cables will be vacuum extracted from the ground and run through protective conduit outside of the work zone. Controls: IR test of cables prior to and post install to check for damage. Correct installation procedures. Visual inspection of cable prior to installation. Weekly visual inpsection once installed. Indicated via survey pegs and protected with sand bags and water barriers as required. | K73: Scott Jackson, HV & NC Signalling Alliance | L73: 39338 | M73: Ragu Nathan
A74: 400/SG/200907/069 | B74: Closed | C74: 39326 | D74: 40724 | E74: 41241 | F74: Hunter Valley | G74: Werris Creek | H74: SPS 11 | I74: 11.1.4.10 | J74: Original Stencils delivered from Aldridge were unreadable because the full letters of the the stencils were not lit by the WRSA modules. This waiver request that Stencils with smaller font and with additional dispersion lenses are installed for trial with the view to type approval. Units to be inspected on site before Safe notice is published and commissioning date is fixed. Units to be on trial for 3 months to check readability in all weather conditions and check for driver comments. New units for other locations only as above until Type Approved. Approval conditions: Report required in 3 months regarding readability and drivers comments. Commissioning to include readability test. See attached drawing. | K74: Christiaan Wessels, HV & NC Signalling Alliance | L74: 39346 | M74: Scott Chapman
A75: 400/SG/270907/070 | B75: Not Required
A76: 700/SG/041007/071 | B76: Not Required
A77: 700/SG/041007/072 | B77: Not Required
A78: 700/SG/041007/073 | B78: Not Required
A79: 700/SG/081007/074 | B79: Completed | C79: 39363 | D79: N/A - Permanent | E79: 45987 | F79: NSW South | H79: SDS 18 SC 03 01 | I79: 18.3.15 2.9.1 | J79: Bomen Field Siding level crossing has shunters push buttons to operate the level crossing also incorporated are rail traffic stop boards on either side. There is no strick point for train operation and the installation of Approach Warning Signs for driver's is superfluous. Controls: Shunting yard operation, low speed, manually operated level crossing lights and bells, stop boards either side of level crossing for rail traffic. | K79: Ken Driver | L79: 39364 | M79: Melanie Mackie
A80: 300/SG/161007/075 | B80: Not Required
A81: 700/SG/231007/076 | B81: Completed | C81: 39429 | D81: N/A - Permanent | E81: 45987 | F81: NSW South | G81: Cootamundra West | H81: SDS 4 | I81: 13 | J81: SDS 4 requires shunt/subsidiary routes to have a Nominal overlap of 100m. At Cootamundra West existing interlocking, 24(S)A route is permitted to set when 9(M)B or 11(M)A (with points 104 reverse and 105 normal) - there is only an 85m separation (overlap) from the stop signal of 24(S)A and the end of the 9(M)B/11(M)A overlap. It is proposed to maintain this existing condition. | K81: David Rogers, SIA | L81: 39429 | M81: Melanie Mackie
A82: 300/SG/011107/077 | B82: Closed | C82: 39393 | D82: 39405 | E82: 39414 | F82: North-South | G82: Kyogle - Loadstone | H82: ANSY 516 | J82: Hand signallers are required at Automatic Level Crossings to Introduce Pilot Staff Working under ARTC network rules - Pilot staff working, hand signallers section. The Level Crossings concerned (Wodenbong, Fairy Hill, Barrimal Lane, Cedar Point) work independently from the safe working systems using GCPs (Grade Crossing Predictors). Therefore a waiver is sought to introduce Pilot Staff Working without hand signallers at the Level Crossings. Compliance Condition: All risk assessment mitigation actions to be in place prior to start of work. | K82: Chris Gormlie | L82: 39388 | M82: Doug Adams
A83: 200/SG/051107/078 | B83: Closed | C83: 39396 | D83: 39503 | E83: 39506 | F83: NSW North Coast | G83: Telarah | H83: SDS 11 | I83: 11.1.3.1 | J83: Reduced approach locking distance from 450m to 360m (standard requires 600m). This applies during stagework until February 2008. Controls: Temporary speed limit of 70kphto retain current time of approach locking. | K83: Neil Powell | L83: 39393 | M83: Doug Adams
A84: 150/SG/221107/079 | B84: Closed | C84: 39417 | D84: 39965 | E84: 40008 | F84: Victoria | G84: Appleton Dock Siding | H84: N/A | I84: N/A | J84: Due to signal sighting issues, the level crossing track circuit across the road pavement needs to be extended to approximately 30 metres clear of the roadway on the western side of the crossing. This will cause some runaway ringing for west bound trains. | K84: Graham Bradley, John Holland Group | L84: 39498 | M84: Ken Driver
A85: 200/SG/281107/080 | B85: Closed | C85: 39426 | D85: 39457 | E85: 39491 | F85: Hunter Valley | G85: Ulan line Denman - Kerabee | H85: ANSY 516 | J85: Hand signallers are required at Automatic Level Crossings to introduce Pilot Staff Working under ARTC network rules - Pilot staff working, hand signallers section. The Level Crossings concerned (Merriwa Rd 312.258km, Rosemont Rd 315.250km) work independently from the safe working systems usings GCPs (Grade Crossing Predictors). Therefore a waiver is sought to introduce Pilot Staff Working without hand signallers at the level crossings. Compliance condition: All risk assessment mitigation actions to be in place prior to start of work. | K85: David Harding | L85: 39421 | M85: Doug Adams
A86: 500/SG/141207/081 | B86: Completed | C86: 39398 | D86: N/A | E86: 40016 | F86: NSW West | H86: PP166 | I86: 2.2 | J86: Report signal faults/failures/incidents on the same incident form as that used to report closeout details for TCRs and not PP166F-01 when entering defect details into WMS. | K86: Trevor Watkins | L86: 39430 | M86: John Furness 22/07/2009
A87: 700/SG/030108/082 | B87: Not Required
A88: 700/SG/210108/083 | B88: Closed | C88: 39454 | D88: 39468 | E88: 39468 | F88: North-South | G88: Main South / Campbelltown - Tahmoor | H88: SMP 26, SMP 26, NSG220 | I88: 1.7 | J88: Approval for recertification of rail vehicle detection following close down exceeding 72 hours. This does not apply to rerailing activities. Track Block working for passage of a train on each track circuit. CAN warning of trains in each direction for level crossings until certified as functioning correct by Signal Electrician. | K88: Ken Driver | L88: Interim 07/01/2008 Full 18/01/2008 | M88: Ken Driver
A89: 100/SG/170108/084 | B89: Completed | C89: 39498 | D89: N/A - Permanent | E89: 46352 | F89: Western Jurisdiction | G89: Dry Creek to Outer Harbour - Port River | H89: N/A | I89: N/A | J89: Approval of proposed 'Emtelle Blown Fibre utilising 1DBT Carrier and 8c MMOF 62.5um (OM1)' for use within PREXY project. Cable is of a more robust design than standard optic fibre owing to more demanding environment. Insufficient standards available to determine whether proposed cable is appropriate. Controls: Type Approval documentation has been prepared documenting cable (as attached). Cable will be tested and commissioned through PREXY project before being passed onto ARTC for maintenance. | K89: Rod Garrett, Nilsen Electric | L89: 39498 | M89: Melanie Mackie
A90: 200/SG/180108/085 | B90: Not Required
A91: 200/SG/180108/086 | B91: Not Required
A92: 200/SG/180108/087 | B92: Not Required
A93: 200/SG/180108/088 | B93: Not Required
A94: 200/SG/180108/089 | B94: Not Required
A95: 200/SG/120208/090 | B95: Closed | C95: 39508 | D95: 39539 | E95: 39549 | F95: Hunter Valley | G95: Bylong | H95: ANSY 516 | J95: Hand signallers are required at Automatic Level Crossings to Introduce Pilot Staff Working under ARTC network rules - Pilot staff working, handing signallers section. The Crossings concerned work independently from the safe working systems using GCPs (Grade Crossing Predictors). Therefore a waiver is sought to introduce Pilot Staff Working without hand signallers at the Level Crossings. | K95: David Harding | L95: 27/02/2008 and 29/02/2008 | M95: David Harding
A96: 700/SG/140208/091 | B96: Not Required
A97: 400/SG/140208/092 | B97: Not Required
A98: 300/SG/220208/093 | B98: Not Required
A99: 200/SG/280208/094 | B99: Not Required
A100: 700/SG/280208/095 | B100: Completed | C100: 39548 | D100: N/A - Permanent | E100: 45987 | F100: NSW Main South | G100: Bomen to Gerogery | H100: SPS 11 | I100: Drawing 071000/006 | J100: The standard requires the centre of the marker light to be installed 950 to 1050mm below the centre of the top red aspect. The signal sighting committee have sighted the marker light signals on all Passing Lanes 2500mm below the centre of the top red aspect. It is proposed to maintain the signals spacings as agreed by the Signal Sighting Committee on Passing Lanes 13, 15, 16 & 17. | K100: Robert Vaughn, SIA | L100: 39548 | M100: Melanie Mackie
...

Sheet Track
A1: Engineering Waiver Approval Register Engineering Procedure EGP-02-01
A2: Track & Civil
A3: Waiver No (EWAF) & File Link | B3: Status | C3: Start Date | D3: Expiry Date | E3: Close Out Date | F3: ARTC Corridor | G3: Line / Location | H3: Relevant Standard | I3: Clause or Section | J3: Category (T&C CoP) | K3: Waiver Description | L3: Originator (& Company if not ARTC) | M3: Approval Date | N3: Closed Out By
A4: RIC03_185 | B4: Completed | C4: 37894 | D4: N/A - Permanent | E4: 46717 | F4: Hunter Valley; North Coast | H4: TES02 | J4: Rail | K4: Allow rails with identified hydrogen from OneSteel fault with 60kg/m rail to remain in track under a specific testing regime until a decision is made as to their long term future. If rails have been tested (see attached Testing and Classification Procedure) and found not to contain hydrogen then they are ok and no future special action is required - just normal Ultrasonic testing by Test Vehicle. Rails with hydrogen defects, identified and classifed as per the attached procedure, may remain in track until they are removed or retested. | M4: Malcolm Kerr | N4: Melanie Mackie
A5: RIC03_188 | B5: Closed | C5: 37924 | D5: 38260 | E5: TBA | F5: All NSW | H5: TEP01 | K5: Permit testing of painting of rail with Solacoat to establish benefits to Welded Track Stability in Summer | M5: Malcolm Kerr
A6: RIC04_227 | B6: Closed | C6: 38078 | D6: 39416 | E6: 39451 | F6: NSW North West | H6: C2009, C2010, C2011 | K6: Revised base operating standards for track geometry on class 5 lines in North West | M6: Malcolm Kerr | N6: Ragu Nathan & Kandiah Nithiyananthan
A7: RIC04_221 | B7: Closed | C7: 38037 | D7: 38352 | E7: TBA | F7: NSW North Coast | H7: TMS06 | K7: Allow consideration of steel sleeper ties when evaluating timber sleeper condition | M7: Malcolm Kerr
A8: RIC04_228 | B8: Closed | C8: 38078 | D8: 38352 | E8: TBA | F8: NSW North West | H8: TEP19 | K8: Allow altered testing frequency of turnouts for the line from Werris Ck (exclusive) to Armidale. | M8: Malcolm Kerr
A9: RIC04_217 | B9: Closed | C9: 38022 | D9: 38533 | E9: 39027 | F9: NSW North West | H9: TDS05 | K9: Allow re-pressed derailment damaged steel sleepers to remain in track. These were used to replace life expired timber sleepers in the Country West Region. This waiver applies only to steel sleepers previously installed. Any further re-pressed sleepers must be dealt with in accord with waiver RIC 04/219. | M9: Malcolm Kerr | N9: Allowed to expire as relates to same issue as RIC04_219
A10: RIC04_219 | B10: Closed | C10: 38022 | D10: 38533 | F10: NSW North West | H10: TDS05 | K10: Allow the re-pressing and use of derailment damaged steel sleepers for use in the Country West Region for any re-pressing or re-use undertaken in future.. | M10: Malcolm Kerr | N10: Allowed to expire as Wayne James didn't approve
A11: RIC04_216 | B11: Closed | C11: 38024 | D11: 39813 | E11: TBA | F11: NSW North Coast | H11: TDS11 | K11: Allow configuration involving reduced ballast on Grafton Viaduct | M11: Malcolm Kerr | N11: Waiver renewal 300/TR/030209/209
A12: RIC04_242 | B12: Closed | C12: 38169 | D12: 38533 | E12: 39031 | F12: Hunter Valley | H12: TPS05 | K12: Allow trialling of 6 Laser clad glued Insulated Joints | M12: Malcolm Kerr | N12: Robert Taylor
A13: RIC04_243 | B13: Closed | C13: 38169 | D13: 38533 | E13: TBA | F13: All NSW | H13: TEP11 TMS11 | K13: Reduction in WTSA requirements for slow speed loops and refuges. C 2442, TS 0001 MP | M13: Malcolm Kerr | N13: RIC04/243 replaced by 800/TR/200605/003
A14: RIC04_254 | B14: Closed | C14: 38229 | D14: 39172 | E14: 39170 | F14: Hunter Valley | H14: BDS12 | K14: Infringement of rail clearance height beyond 38mm above rail height | M14: Malcolm Kerr | N14: Bob Taylor
A15: RIC04_230 | B15: Closed | C15: 38100 | D15: 38716 | E15: TBA | F15: Hunter Valley | H15: XDS01 | K15: Allow use of Steel Level Crossing in low usage situations on the Ulan Line and Sandgate | M15: Malcolm Kerr | N15: Type Approval 08-08-09-002 has been issued - waiver no longer required
A16: RIC04_235 | B16: Closed | C16: 38126 | D16: 38716 | E16: TBA | F16: Hunter Valley | H16: XDS01 | K16: Allow use of Steel Level Crossing in low usage situations (Branxton and Telarah) | M16: Malcolm Kerr | N16: Type Approval 08-08-09-002 has been issued - waiver no longer required
A17: WRAC.013 | B17: Completed | C17: 35674 | D17: N/A - Permanent | E17: 45987 | F17: NSW North Coast | J17: Rail | K17: Do not widen gauge on curves <200m radius | N17: Melanie Mackie
A18: WRAC.008 | B18: Completed | C18: 35796 | D18: N/A - Permanent | E18: 45987 | F18: Hunter Valley | J18: Structures | K18: Use D.S. Plates instead of Pandrol for Guard Rails | N18: Melanie Mackie
A19: WRAC.005 | B19: Completed | C19: 35886 | D19: N/A - Permanent | E19: 45987 | F19: NSW North Coast | H19: TDS08 | I19: 3 | J19: Earthworks | K19: Reduced Embankment width | N19: Melanie Mackie
A20: WRAC.030 | B20: Completed | C20: 36220 | D20: N/A - Permanent | E20: 45987 | F20: All NSW | H20: TDS11 | I20: 5.1.3 | J20: Track & Civil Management System | K20: Standard Classification of Lines | M20: B Hedley | N20: Melanie Mackie
A21: RAC02.123 | B21: Completed | C21: 37365 | D21: N/A | E21: TBA | F21: All NSW | H21: TES09 | K21: Authorise use of Thermit 60lb/yd to 80lb/yd junction rails on Class 5 lines | M21: Malcolm Kerr | N21: Waiver not to be adopted - incorporated in Standard TMP 09
A22: RAC02.138 | B22: Completed | C22: 37484 | D22: N/A - Permanent | E22: 45987 | F22: All NSW | J22: Sleepers & Fastenings | K22: Reduction in MDFC sleeper shoulder tilt tolerance | M22: Malcolm Kerr | N22: Melanie Mackie
A23: RIC04/251 | B23: Closed | C23: 38231 | D23: 39447 | E23: 39430 | F23: NSW South West | H23: TMS11, TEP09, TEP11 | K23: Allow low usage lines to be exempted from Welded Track Stability Analysis | M23: Malcolm Kerr | N23: Peter Micenko
A24: RIC04/240 | B24: Closed | C24: 38168 | D24: 39082 | E24: TBA | F24: NSW South West | H24: TDS05 | K24: Allow the re-pressing and use of derailment damaged steel sleepers | M24: Malcolm Kerr
A25: RIC03/189 | B25: Closed | C25: 37945 | D25: 39813 | E25: TBA | F25: NSW West | H25: TDS05 TCS10 | K25: Allow fulll scale trial of retrofit of insulators to steel sleepers | M25: Malcolm Kerr | N25: Waiver renewal 500/TR/060209/211
A26: RIC03/176 | B26: Closed | C26: 37849 | D26: 39813 | E26: 40262 | F26: NSW South / West | H26: TDS05 TCS10 | K26: Allow fulll scale trial of retrofit of insulators to steel sleepers | M26: Malcolm Kerr | N26: John Furness
A27: RIC02/142 | B27: Closed | C27: 37500 | D27: 40451 | E27: 39786 | F27: NSW South | H27: TDS01 ETD-02-01 | K27: Allow trial of polymer concrete sleepers Joppa Junction. Sleepers have been in track successfully now for 5 years but will be replaced when the concrete resleepering program takes place. Program planned for early 2008. | L27: Hassan Elaina for renewal | M27: Malcolm Kerr | N27: Hassan Elaina
A28: RIC03/113 | B28: Completed | C28: 37314 | D28: N/A - Permanent | E28: 42227 | F28: NSW South | H28: LDS02 | J28: Points & Crossings | K28: Allow us of non-standard catchpoints in AWB sidings Bogan Gate, Wyalong & Stockinbingal | M28: Malcolm Kerr | N28: Wael Naser
A29: WRAC/036 | B29: Completed | C29: 36251 | D29: N/A - Permanent | E29: N/A | F29: NSW West | H29: TDS06 TDS09 | I29: Section 3 | J29: Points & Crossings | K29: Allow less than absolute minimum design radius | M29: B Hedley | N29: Manager Standards
A30: 200/TR/220205/014 | B30: Not Required | F30: Hunter Valley | K30: Allow track to be adjusted with neutral temperature up to 40 degrees Celsius during summer track closedowns in Hunter Valley.
A31: ARTC05/001 | B31: Closed | C31: 38426 | D31: 39994 | E31: 40093 | F31: Western Jurisdiction | G31: Adelaide - Melbourne | H31: ETA-04-01 | K31: Supply of ballast from Callington Quarry. The LA value has been proposed to increase to max 28 from the current 25. To mitigate this an increase in the PSD has been developed. | L31: Ben Leske | M31: 38426 | N31: Ben Leske
A32: 2005_03_SA_01 | B32: Closed | C32: 38439 | D32: 39263 | E32: 39202 | F32: Western Jurisdiction | G32: Adelaide - Melbourne | K32: Addition to current standard turnout. Some concrete bearer turnouts manufactured by VAE already have blade rollers. This is a trial of retrofitted rollers to an existing turnout. Papers attached showing detail. Initial trial period at Mt Lofty and Coombe. | L32: Marko Barchet, Teksol | M32: 38426 | N32: Tim Calver
A33: ARTC05/005 | B33: Not Required | K33: Accept structural fill material with a percentage passing 75 micrometer seive of up to 33% (up from 30% specified in RCP01) in accordance with Geotechnical Consultants recommendation (RCP 01 Clause 8)
A34: ARTC05/006 | B34: Not Required | C34: 38414 | D34: 38717 | E34: 39013 | F34: NSW West | G34: Kinalung, Matakana, Yarrabandi | H34: TDS11 | K34: TDS11 Section 5 specifies formation to be lowered to achieve ballast depth under turnout bearers. Waiver requests change in level to be run out in ballast to maintain integrity of formation. | L34: Patrick Gray | M34: 38426 | N34: Pat Gray
A35: WW03/2005 | B35: Not Approved | C35: 38371 | D35: N/A | E35: N/A | F35: NSW West | H35: TCS10 | K35: Steel sleepers have been installed by RIC in a non-standard pattern with bunching | L35: Trevor Watkins
A36: WW2005/06 | B36: Not Required | C36: 38322 | D36: TBA | E36: TBA | F36: NSW West | H36: LEP02 | K36: Steel bearer turnout constructed using components that result in permanent tight gauge exceeding standard tolerance when assembled | L36: Hassan Elaina
A37: 700/TR/160904/001 | B37: Completed | C37: 38246 | D37: N/A | E37: 40028 | F37: NSW South | G37: Main South | H37: TCS07 | K37: To permit modifications to broad gauge, field face of Up side Pandrol plates to facilitate clearance to transom holding down bolts on the two river spans of the wrought iron transom top bridge at 648.487km | L37: Hassan Elaina | M37: 38485 | N37: Mike Green
A38: 700/TR/300505/002 | B38: Not Approved | C38: 38246 | D38: N/A | E38: N/A | F38: NSW South | G38: Main South | H38: TMS06 | K38: Existing sleeper condition does not meet minimum requirements to be effective for at least 28 days (TMS 06) | L38: Hassan Elaina
A39: 800/TR/200605/003 | B39: Closed | C39: 38899 | D39: 38898 | E39: 38899 | F39: All NSW | H39: TEP11 TMS11 | K39: Reduction in WTSA requirements for slow speed loops and refuges. TEP 11 (RIC C 2442), TMS 11 (RIC TS 0001 MP). Previous waiver RIC 04/243. | L39: Robert Hamilton | M39: 38889 | N39: N/A
A40: 700/TR/060705/004 | B40: Completed | C40: 38538 | D40: N/A | E40: 40940 | F40: NSW South | H40: TMP01, TDS13, TDS14 | K40: Write off all existing defects in the lines: Wyalong-Burcher; Barmedman-Rankins Springs; Yanco-Willibriggie. Respond only to any new defect that may arise which has a potential impact on the public safety. In compliance with closed line inspections. | L40: Hassan Elaina | M40: 38565 | N40: Mike van de Worp 1/02/2012
A41: 700/TR/060705/005 | B41: Completed | C41: 38565 | D41: N/A | E41: 40115 | F41: All NSW | H41: TDS13, TDS14, C2009, C2011 | K41: Allow reduction in base operating standards for track geometry and standing orders, specifically for tight gauge limits, on lightly trafficked (class 4&5) lines. Reduction to be permanent and in line with NCOP. | L41: Hassan Elaina | M41: 38565 | N41: Trevor Watkins (see waiver 850/TR/141009/244)
A42: 900/TR/220705/006 | B42: Completed | C42: 38555 | D42: N/A | E42: 38635 | F42: All | H42: ETA-02-01 | K42: Extend approved species in MAT-02-01 to include Jarrah - Eucalyptus Marginata and Wandoo - Eucalyptus Wandoo | L42: Ben Leske | M42: 38554 | N42: John Cowie 10/10/2005
A43: 800/TR/030805/007 | B43: Not Required | D43: N/A | E43: N/A | F43: Hunter Valley | K43: Squat repairs to turnout rails and plan track using wire feed welding. | L43: Robert Taylor | M43: N/A
A44: 500/TR/110805/008 | B44: Completed | C44: 38576 | D44: N/A | E44: 40940 | F44: NSW West | H44: TES01, TMP01, C2009, C2011 | K44: Write off all existing defects in defect management system for the Cowra to Eugowra line and Tarana to Oberon line. Respond only to any new defect that may arise which has a potential impact on public safety. In compliance with closed line inspections. Examine to ensure that major accelerated damage is not occuring to an asset. | L44: Nirmalya Chakraborrty | M44: 38580 | N44: Mike van de Worp 1/02/2012
A45: 300/TR/230805/009 | B45: Completed | C45: 38596 | D45: N/A - Permanent | E45: 45987 | F45: NSW North Coast | J45: Track & Civil Management System | K45: Write off all existing defects on Casino to Murwillumbah line. Respond only to any new defects that has a potential to impact on public safety | L45: John Ogilvy | M45: 38621 | N45: Melanie Mackie
A46: 800/TR/240805/010 | B46: Closed | C46: 38626 | D46: 38806 | E46: 39057 | F46: All NSW | H46: TMS08, TMS09, TPS05 | K46: Allow use of short 2.2m closures and IRJs for a 'phase in' period of 6 months with regards to revised TMS 08, TMS 09 and TPS 05 which stipulate 4.0m minimum | L46: Tim Calver (after consulation with Corridor Managers 23/9/05) | M46: 38624 | N46: Tim Calver 06/12/2006
A47: 400/TR/140905/011 | B47: Not Required
A48: 200/TR/011005/012 | B48: Not Required
A49: 500/TR/011005/013 | B49: Completed | C49: 38626 | D49: N/A - Permanent | E49: 45987 | F49: NSW West | G49: Kinalung, Matakana | H49: RCP01 TDS12 | I49: Section 10 | J49: Flooding | K49: Modify earthworks construction standards RCP 01 and TDS 12 to suit crossing loop extensions at Kinalung and Matakana, vide attached explanation. | L49: Patrick Gray | M49: 38741 | N49: Melanie Mackie
A50: 400/TR/290905/014 | B50: Not Required
A51: 800/TR/041005/015 | B51: Closed | C51: 38409 | D51: 39813 | E51: 39981 | F51: NSW South and West | H51: BDS05 | K51: Allow the use of bridges without guard rails pending completion of network wide bridge requirements review | L51: Hassan Elaina | M51: 38637 | N51: Manager Standards
A52: 800/TR/041005/016 | B52: Closed | C52: 38409 | D52: 39813 | E52: 39981 | F52: NSW South and West | H52: BDS05 | K52: Allow the use of existing guard rails that are not complying with standards pending completion of network wide bridge requirements review | L52: Hassan Elaina | M52: 38637 | N52: Melanie Mackie
A53: 100/TR/011105/017 | B53: Completed | C53: 38791 | D53: N/A - Permanent | E53: 45987 | F53: Western Jurisdiction | G53: Birkenhead to Outer Harbor | H53: ETG-07-01 | J53: Clearances | K53: To maintain the existing second track at 4.0 metres track centres whilst installing the new portion of the second at 4.5 metre centres where possible but allowable to go to 4.0 metre track centres where obstructions present. | L53: Matthew Hart | M53: 38791 | N53: Melanie Mackie
A54: 700/TR/011105/018 | B54: Completed | C54: 38657 | D54: N/A - Permanent | E54: 42227 | F54: NSW South | H54: C2009 | J54: Track Geometry | K54: Allow the use of 53kg/m insulated steel sleepers on 80A rails (Yanco to Griffith) | L54: Hassan Elaina | M54: 38663 | N54: Wael Naser and John Furness
A55: 700/TR/071105/019 | B55: Closed | C55: 38659 | D55: 38835 | E55: 39059 | F55: NSW South | H55: TEP11 | I55: 5.2 | K55: Due to insufficient reliable survey pegs on curves (113 missing alignment pegs), tracks are to be considered non standard or special track until pegs are replaced | L55: Hassan Elaina | M55: 38667 | N55: Stephen Fleck
A56: 800/TR/301105/020 | B56: Closed | C56: 38686 | D56: 38807 | E56: 38899 | F56: All NSW | H56: ETM-01-01 | K56: Limit application of revised standard ETM-01-01 to staff who are trained and equipped with the required measuring equipment i.e. P1 gauges, set up straightedges and finishing straightedges. As training and equipment is supplied, the waiver will be progressively withdrawn. In the meantime, Standard TMS 08 is to apply. Note: ETM-01-01 approved for use on CRN at Alliance Management meeting 7/12/05 per Alex McKenzie | L56: Tim Calver | M56: 38686 | N56: Tim Calver 01/07/2006
A57: 700/TR/021205/021 | B57: Not Required
A58: 500/TR/131205/022 | B58: Not Required
A59: 200/TR/090106/023 | B59: Completed | C59: 38726 | D59: N/A | E59: N/A | F59: Hunter Valley | K59: To install used 60kg and 53kg rail on the North Coast Loops. The condenming wear in TEP 12 Appendix 1 be waived i.e. permitted to have Tangen Wear "A" < 26mm and head loss below specified | L59: Bob Taylor
A60: 700/TR/020306/024 | B60: Closed | C60: 38777 | D60: 39325 | E60: 39288 | F60: NSW South | H60: TEP12 | I60: 7 | K60: Tangent wear measurements taken by RailMate exceed the maximum allowable head rail wear for 53kg/m rails. Measurements of head heights taken in low rails of curves are 21.9mm (283.215km), 21.3mm (283.530km), 22.3mm (263.550km) and 21.0mm (265.510km). Minimum allowable head height is 23mm. Rails are under condemnable limits. Allow rails to remain in track without further speed restriction until rerailing takes prior to end of April 2007 and subject to monitoring outlined in Controls section. (This waiver renewal closes out the condemnable rail locations at Moss Vale on the original waiver as this has been rerailed, however there are two additional locations at Goulburn included in the renewal that were not part of the original waiver) | L60: Hassan Elaina | M60: 38793 | N60: Hassan Elaina
A61: 200/TR/160306/025 | B61: Not Required
A62: 200/TR/230306/026 | B62: Closed | C62: 38777 | D62: 39263 | E62: 39255 | F62: Hunter Valley | K62: To conduct in situ load test on FASTCLIP. About 15 FASTCLIP welds have been installed from 246.500 to 247.100. The trial determine if the components could take repeated load without failure over 12 months. | L62: Bob Taylor | M62: 38804 | N62: Wayne Potter 22/06/2007
A63: 400/TR/070406/027 | B63: Not Approved | C63: 38814 | D63: N/A | E63: 38847 | F63: NSW North West | H63: ETM-01-01 | I63: 4 | K63: To waiver the requirement as stated in ETM-01-01 clause 4 for the North West corridor i.e. to allow Aluminothermic weld to be carried out wherever ncecessary when working on the rail. | L63: Ragu Nathan | M63: Disapproved
A64: 200/TR/290506/028 | B64: Closed | C64: 38866 | D64: 39230 | E64: 39220 | F64: All | H64: ETA-04-01 | K64: To permit all ballast suppliers to waive electrical conductivity test on new ballast supplied for track construction and maintenance (re Ballast Specification ETA-04-01. | L64: Wayne Potter | M64: 38870 | N64: Wayne Potter
A65: 300/TR/090606/029 | B65: Not Approved | C65: 38899 | D65: 39263 | E65: N/A | F65: NSW North Coast | H65: XDS02 | K65: Allow Level Crossing to be outside sighting distance compliance requirements as per Australian Standards AS1742 and ARTC Operating Standard XDS 02. See attached list for Taree, Coffs Harbour and Casino. | L65: John Ogilvy | M65: Disapproved
A66: 800/TR/010706/030 | B66: Closed | C66: 38899 | D66: 41090 | E66: 41121 | F66: All NSW | H66: TEP11 TMS11 | K66: Allow a reduction in WTSA requirements for slow speed loops and refuges with a maximum authorised speed not exceeding 35 km/h. An assessment of track stability must still be carried out at the same time as the pre-summer WTSA analysis in accordance with the following controls. Exempt these existing loops from having to retrofit adjustment controls such as creep points, however all new loops and loops upgraded after 1/7/2004 must be correctly adjusted in accordance with Standards and have creep points installed. | L66: Trevor Watkins | M66: 38901 | N66: Phil Campbell 31/07/2012
A67: 100/TR/030706/031 | B67: Completed | C67: 38901 | D67: N/A - Permanent | E67: 45987 | F67: Western Jurisdiction | G67: Outer Harbour | H67: ETA-04-01 | J67: Ballast | K67: ETA-04-01 Ballast Specification requires wet attrition value (WAV) of 6%. Preliminary test results for ballast from Penrice Quarry and Mineral returned a value of 10.6%. Section 6.8.2 states that WAV may exceed 6% if the aggregate crushing value is satisfied and the acceptance of the material requires approval from the General Manager IS&P. Conditions apply. | L67: Matthew Hart | M67: 38901 | N67: Melanie Mackie
A68: 300/TR/050706/032 | B68: Closed | C68: 38903 | D68: 38960 | E68: 39069 | F68: NSW North Coast | G68: Taree | H68: TEP07 | I68: 3 | K68: To permit Michael Barr to conduct visual inspection, track monitoring, measure, record and analyse track parameters waiving the requirement of TDTB4101A and TDTB3901A as detailed in TEP 07 Clause 3. Michael has attended the course and has yet to complete his work practices (log book) and assessment. He has worked in the rail industry since Oct 1985. | L68: John Ogilvy | M68: 38908 | N68: John Ogilvy
A69: 100/TR/110706/033 | B69: Closed | C69: 38913 | D69: 39629 | E69: 39615 | F69: Western Jurisdiction | G69: Birkenhead Diversion | H69: ETA-04-01 | K69: Temporary (12 month) deviation to be constructed for Port River Expressway project (Glanville - Pelican Pt approx 15km - 16km). ARTC ballast standard ETA-04-01 specifies 60mm. Contractor is requesting approval for 50mm ballast. Ballast will not be reused for ARTC mainline applications. | L69: Frank Lander | M69: 38909 | N69: Matt Hart
A70: 200/TR/120706/034 | B70: Not Required
A71: 100/TR/190706/035 | B71: Closed | C71: 38917 | D71: 40012 | E71: 40295 | F71: Western Jurisdiction | H71: ETA-04-01 | I71: 4 | K71: Reduced frequency of testing for bulk density and particle density (Schedule 1 in Boral contract CMW-SA-039). | L71: Amos Chen | M71: 38917 | N71: Ben Leske
A72: 700/TR/300706/036 | B72: Not Required
A73: 700/TR/090806/037 | B73: Closed | C73: 38938 | D73: 39325 | E73: 39073 | F73: NSW South | G73: Main South | H73: TMS06 | I73: 4 | K73: Additional category with description and responses identified as a supplement to Table 1a in Section 4 of TMS 06. Controls: location specific monitoring in accordance with Technical Instruction 2006-06 dated 09.08.2006 | L73: Bruce McComas | M73: 38958 | N73: John Cowie 22/12/2006
A74: 100/TR/110806/038 | B74: Closed | C74: 38940 | D74: 38982 | E74: 39002 | F74: Western Jurisdiction | G74: Outer Harbour | K74: Rosewater Loop, Port Adelaide to Out Harbour line - AK Car "U 1 Fault". Track gauge listed at 36mm wide gauge. On investigation and measuring this section, gauge readings where found to be 29mm without loading (36mm maybe under loading). | L74: John Marodi, Transfield Services | M74: 38943 | N74: Ben Leske/John Marodi
A75: 800/TR/010906/039 | B75: Completed | C75: 38961 | D75: N/A | E75: 41121 | F75: All NSW | H75: TDS11 | I75: 5 | K75: TDS11 Section 5 - the introduction of the current 400mm wide shoulder standards in NSW has no historical evidence to support the introduction other than to provide "insurance during summer management." Current NCoP state 300mm acceptable for same conditions. Waiver to implement current NCoP standard in NSW but keep the current 400mm ballast shoulder on curves with a radius < 400m. Waiver Condition: to apply to concrete sleepered track only. | L75: Bob Taylor | M75: 38947 | N75: Phil Campbell 31/07/2012
A76: 100/TR/230806/040 | B76: Closed | C76: 38952 | D76: 39599 | E76: 39611 | F76: Western Jurisdiction | G76: Glanville | K76: AK Car "U 1 Fault" TM74637. Track gauge listed at 34 and 32mm wide gauge.On investigation and measuring the Glanville Crossing (14km) on the Outer Harbour line gauge readings were found to be 30mm without loading. 5 metre section of bitumen road crossing is at 30mm (static) wide gauge. AN7's concrete sleepers are supporting, although a fastening is failing. See Waiver form for controls. | L76: John Marodi, Transfield Services | M76: 38958 | N76: Matt Hart
A77: 700/TR/300806/041 | B77: Closed | C77: 38969 | D77: 39113 | E77: 39176 | F77: Main South | H77: TEP09 | K77: TEP 09 - Design rail NT (neutral temperature) is to be altered from 35 degrees to 40 degrees to prepare for the expected lowering of the rail NT due to ground subsidence from LW24B of the CCTC. The rail NT will be corrected to design NT during track possession in January 2007. Condition: Controls as per Centennial Tahmoor Surface Stability Management Plan (SS and SMP) dated 6/06 | L77: Tim Lyons, GHD | M77: 38966 | N77: Stephen Fleck
A78: 600/TR/310806/042 | B78: Completed | C78: 38960 | D78: N/A | E78: N/A | F78: North-South Corridor | G78: North-South | H78: TDS11 | I78: 3 | K78: To waive the requirement of NSW Standard TDS 11 Clause 3 (as referred to in North-South Corridor Construction specs) where the nominal ballast depth of 300mm for 1XC track and 270mm for 1C track be reduced to 250mm in line with the NCoP Standards. Conditions: For new works only and shall be minimum 250mm of clean ballast - this is consistent with ARTC Track & Civil CoP Section 4.1. | L78: Bob Taylor | M78: 38961 | N78: Waiver 400/TR/031106/055
A79: 800/TR/220906/043 | B79: Closed | C79: 40099 | D79: 41195 | E79: 41318 | F79: All NSW | H79: WOS01.724 | I79: 1.1 | K79: ARTC owned and operated road rail vehicles including which operate above 30 kph in NSW to be exempt from the installation of approved speed recording devices until a rollout program is completed. ARTC has undertaken a program to install speed recording devices in all road rail vehicles to improve safety and compliance. | L79: Scott Chillingworth | M79: 39234 | N79: Phil Campbell 13/02/2013
A80: 300/TR/041006/044 | B80: Completed | C80: 39265 | D80: N/A - Permanent | E80: 45987 | F80: NSW North Coast | G80: Specific locations | H80: BDS 12 | I80: 5 | J80: Structures / Clearances | K80: To permit track centre clearances of 4.0m on North Coast loop extensions, instead of the standard 4.5m required by Engineering Instruction ETI-07-02 (ref no: 08-08-11-033) | L80: James Kennedy. TEJV | M80: 39262 | N80: Melanie Mackie
A81: 150/TR/101006/045 | B81: Completed | C81: 39652 | D81: N/A - Permanent | E81: 45987 | F81: North-South | G81: Tottenham | H81: BSS01 ACoP | I81: 2 V7.3 | J81: Structures | K81: Clearance from centreline of track to retaining wall is down to 2.5m in 2 sections (a 40m section and a 50m section) without refuges being installed. Controls: Restricted clearance signage to be erected, track monuments to be installed, operating protocols established and protocol training provided to affected parties. | L81: Greg Iro SIA | M81: 39652 | N81: Melanie Mackie
A82: 400/TR/201006/046 | B82: Closed | C82: 39007 | D82: 39066 | E82: 39055 | F82: NSW North West | H82: TMS10 | I82: 2 | K82: TMS 10 Section 2 - To waive the minimum requirements for stagger for the Togar Loop Extension project (309.950km - 315.333km). Condition: Dips in existing welds not to exceed 2.5mm over 1m for slow speed track and 1mm over 1m for main line. Rail to be straightened by 30/06/2008. New welds to be in accordance with ETM-01-01. | L82: Matt Walker | M82: 39010
A83: 400_TR_201006_047.pdf | B83: Closed | C83: 39007 | D83: 39066 | E83: 39055 | F83: NSW North West | H83: ETM-01-01 | I83: 4 | K83: ETM-01-01 Section 4 - to waive the minimum requirements for proximity of welds from 4m to 2.25m for the Togar Loop Extension project (309.950km to 315.333km). Condition: Approved for loop only (not approved for main line). Dips in existing welds not to exceed 2.5mm over 1m for slow speed track. New welds to be in accordance with ETM-01-01. | L83: Matt Walker | M83: 39010
A84: 700/TR/241006/048 | B84: Not Required
A85: 700/TR/241006/049 | B85: Not Required
A86: 300/TR/301006/050 | B86: Closed | C86: 39128 | D86: 39274 | E86: 39276 | F86: NSW North Coast | H86: TDS11 | I86: 5 | K86: Nammoona (809.086 - 809.334 km and 810.570 - 810.890km) - Due to late arrrival of ARTC supplied turnout a temporary track slew is required to maintain line speeds for an approximate period of four months. To minimise ballast volume approval is given to reduce ballast depth to 200mm for the temporarily increased super elevation. The ballast depth will be brought inline with ARTC standards when the super elevation is corrected upon turnout installation. | L86: James Kennedy. TEJV | M86: 39034
A87: 700/TR/301006/051 | B87: Not Required
A88: 800/TR/011106/052 | B88: Not Required | K88: Change TES 02 Table 1 Row 1 to comply with ARTC CoP Table 1.14 - Transverse defects in rail head (transverse fissures, transverse shelling, shatter cracks) Code type TD Small (5-10%); Medium (11-30%); Large (over 30%) For shatter cracks from 0 to 5% treat as TD small. Remedial action is specified in Table 2
A89: 800/TR/011106/053 | B89: Not Required | K89: Change criteria in Table 1 Row 5 of TES 02 for Vertical Split Head (VS, H) to comply with ARTC CoP Table 1.14 and read: 1B(3) - Less than 50mm in length or up to 3mm in height; S - 25 to 200mm; M - 201 to 400mm; L - over 400mm; E - no change Remedial action is shown in Table 2
A90: 400/TR/021106/054 | B90: Not Required
A91: 400/TR/031106/055 | B91: Completed | C91: 39035 | D91: N/A - Permanent | E91: 45987 | F91: All NSW | H91: TDS11 | I91: 3 | J91: Ballast | K91: To allow ballast depth of 250mm, which is in line with the ARTC Code of Practice, for all new works on Class 1 track or above (1XC, 1X, 1C and 1). Minimum 250mm of clean ballast. This waiver closes out 600/TR/310806/042 for North South Corridor. | L91: James Kennedy. TEJV | M91: 39035 | N91: Melanie Mackie
A92: 400/TR/031106/056 | B92: Not Required
A93: 400/TR/031106/057 | B93: Not Required
A94: 400/TR/031106/058 | B94: Closed | C94: 39094 | D94: Until further notice | E94: 45987 | F94: North West | H94: TMS11 TEP14 | J94: Track & Civil Management System | K94: Suspend track patrols and engine inspections on Camurra to North Star section if the section is programmed for no train movements. Please note operation section is proprosing to book out this section for traffic as they only ran 5 trains last 12 months. Attached is a copy of the Safe Notice 2-372. | L94: Robert Hamilton | M94: 39105 | N94: Melanie Mackie
A95: 100/TR/071106/059 | B95: Closed | C95: 39028 | D95: 39355 | E95: 39265 | F95: Western Jurisdiction | G95: Dry Creek to Outer Harbour | H95: CoP | I95: Section 1 1.1.6 | K95: ARTC T&C CoP specifies approx 250mm between running rail and guard rail. At Port Flat triangle (Western leg), approval is given for this space to be 360mm, by attaching guard rails to existing sleepers. However, calculations show that derailed wheels will still be on the ends of the sleeper. | L95: Frank Lander | M95: 39028 | N95: Ian Domleo 02/07/07
A96: 200/TR/091106/060 | B96: Closed | C96: 39030 | D96: 40856 | E96: 42048 | F96: Hunter Valley | G96: Main North & Coal | H96: TPS02 | J96: Rail | K96: Trial of second generation laser welded stainless steel inserts glued insulated joints. Refer to attached memo dated 9 November 2006 | L96: Robert Taylor | M96: 39031 | N96: Greg Riches & John Furness
A97: 100/TR/101106/061 | B97: Completed | C97: 39083 | D97: N/A | E97: 39282 | F97: Western Jurisdiction | H97: ETA-04-01 | I97: 4 | K97: ETA-04-01 Clause 4 - Waiver to change testing frequency for ballast from 555 Quarry to every 20,000 tonnes for all criteria other than grading (which is to remain at 5,000 tonnes). 555 Quarry has a long history of providing high quality ballast. An initial test is specified after 300 tonnes in line with the Specification. | L97: Matt Hart | M97: 39034 | N97: Ben Leske
A98: 600/TR/271106/062 | B98: Not Required
A99: 700/TR/161106/063 | B99: Completed | C99: 39037 | D99: N/A - Permanent | E99: 45987 | F99: All NSW | G99: including Albury to Tottenham | H99: TDS11 | I99: 3 | J99: Ballast | K99: Allow the reduction of the ballast crib depth by 50mm across full width of ballast for all new concrete sleepered track on all NSW leased track and Albury to Tottenham | L99: Hassan Elaina | M99: 39049 | N99: Melanie Mackie
A100: 600/TR/271106/064a | B100: Closed | C100: 39048 | D100: 39355 | E100: 39323 | F100: NSW | G100: Albury to MacArthur and Broadmeadow to Qld border | H100: TMS07 | I100: 4 | K100: Amend design Stress Free Temperature (= standard neutral temperature) on concrete sleepered track from 35°C (as per TMS 07) to 38°C (± 5°C) for trial of CWR in conjunction with concrete resleepering. | L100: Tim Calver / Bob Taylor | M100: 39049
...

Sheet Competency
A1: Competency Waiver Approval Register
B2: Waiver No. | C2: Status | D2: Start Date | E2: Expiry Date | F2: Discipline | G2: Justification | H2: Requester | I2: Assessor | J2: Approved By | K2: Approval Date
B3: CO/0001 | C3: Active | D3: 46239 | E3: N/A - Permanent | F3: Signalling | G3: Certificate IV in Electrical Rail Signalling or equivalent | H3: John Bainbridge | I3: Christopher Miller, Omada Rail/Egis Group | J3: Principal Signalling Engineer | K3: 46239
B4: CO/0002 | C4: Active | D4: 46141 | E4: N/A-Permanent | F4: Signalling | G4: Graduate Diploma of Railway Signalling or equivalent Bachelor/Advanced/Diploma of Electrical Engineering or equivalent Bachelor/Advanced/Diploma of Electrical Systems Engineering or equivalent Advanced/Diploma of ESI Power Systems or equivalent Certificate IV in Electrical Rail Signalling or equivalent IRSE Designer Licence/ IRSE Design Verifier Licence | H4: Ian Maydew | I4: Graham Norris, Onyx Signalling Services | J4: Principal Signalling Engineer | K4: 46141
B5: CO/0003 | C5: Active | D5: 46149 | E5: 46387 | F5: All Disciplines | G5: TAEASS412 Assess Competence or Equivalent | H5: Agnes Walsh | I5: Chris Rykiert | J5: GM Technical Services & Assurance | K5: 46180
B6: CO/0004 | C6: Active | D6: 46150 | E6: N/A - Permanent | F6: Signalling | G6: Bachelor of Engineering Degree (Electrical, Electronics and Communication, Mechatronics, Software, Computer Systems, Communications) | H6: Steven Power | I6: Graham Norris, Onyx Signalling Services | J6: Principal Signalling Engineer | K6: 46150
B7: CO/0005 | C7: Active | D7: 46161 | E7: N/A - Permanent | F7: Signalling | G7: Graduate Diploma of Railway Signalling or equivalent • Bachelor/Advanced/Diploma of Electrical Engineering or equivalent • Bachelor/Advanced/Diploma of Electrical Systems Engineering or equivalent • Advanced/Diploma of ESI Power Systems or equivalent • Certificate IV in Electrical Rail Signalling or equivalent • IRSE Designer Licence/ IRSE Design Verifier Licence | H7: Ben Naylor | I7: Graham Norris, Onyx Signalling Services | J7: Principal Signalling Engineer | K7: 46161
B8: CO/0006 | C8: Active | D8: 45799 | E8: N/A - Permanent | F8: Signalling | G8: 1. Bachelor of Engineering Degree (Electrical, Electronics and Communication, Mechatronics, Software, Computer Systems, Communications) 2. One from below: • Graduate Diploma of Railway Signalling or equivalent • Advanced/Diploma of Electrical Engineering or equivalent • Advanced/Diploma of Electrical Systems Engineering or equivalent • Advanced/Diploma of ESI Power Systems or equivalent | H8: David Child | I8: Stuart Graymore, Sigtech Solutions | J8: Principal Signalling Engineer | K8: 45799
B9: CO/0007 | C9: Active | D9: 45798 | E9: N/A-Permanent | F9: Signalling | G9: Certificate IV in Electrical Rail Signalling or equivalent | H9: Peter Priem | I9: Stuart Graymore, Sigtech Solutions | J9: Principal Signalling Engineer | K9: 46163
B10: CO/0008 | C10: Active | D10: 46168 | E10: N/A-Permanent | F10: All Disciplines | G10: Engineering Bachelor Degree | H10: Steven Parkinson | I10: Mayank Jain, ARTC | J10: Manager Engineering Services | K10: 46168
B11: CO/0009 | C11: Awaiting
B12: CO/0010 | C12: Active | D12: 46176 | E12: N/A - Permanent | F12: Signalling | G12: R3 Certificate IV in Electrical Rail Signalling or equivalent - Signal Electrician /Maintainer | H12: Christopher Duncan | I12: Graham Norris, Onyx Signalling Services | J12: Principle Signalling Engineer | K12: 46176
B13: CO/0011 | C13: Active | D13: 46182 | E13: N/A - Permanent | F13: Signalling | G13: R4 Bachelor of Engineering Degree (Electrical, Electronics and Communication, Mechatronics, Software, Computer Systems, Communications) R5 One from below: • Graduate Diploma of Railway Signalling or equivalent • Advanced/Diploma of Electrical Engineering or equivalent • Advanced/Diploma of Electrical Systems Engineering or equivalent • Advanced/Diploma of ESI Power Systems or equivalent | H13: Mick Stoneham | I13: Graham Norris, Onyx Signalling Services | J13: Principle Signalling Engineer | K13: 46182
B14: CO/0012 | C14: Active | D14: 46190 | E14: 47651 | F14: All Disciplines | G14: Tertiary Qualification – Bachelor’s degree or equivalent Record of Relevant Experience (RORE) – 7 years | H14: Rahim Savari | I14: Chris Brown, IR | J14: Manager Engineering Services | K14: 46189
B15: CO/0013 | C15: Active | D15: 46192 | E15: N/A - Permanent | F15: Signalling | G15: Electrical Licence | H15: Paul Morgan | I15: Graham Norris, Onyx Signalling Services | J15: Principle Signalling Engineer | K15: 46192
B16: CO/0014 | C16: Active | D16: 46195 | E16: N/A - Permanent | F16: Signalling | G16: One from below: • Graduate Diploma of Railway Signalling or equivalent • Bachelor/Advanced/Diploma of Electrical Engineering or equivalent • Bachelor/Advanced/Diploma of Electrical Systems Engineering or equivalent • Advanced/Diploma of ESI Power Systems or equivalent • Certificate IV in Electrical Rail Signalling or equivalent • IRSE Designer Licence/ IRSE Design Verifier Licence | H16: Stuart Lodge | I16: Graham Norris, Onyx Signalling Services | J16: Principle Signalling Engineer | K16: 46195
B17: CO/0015 | C17: Active | D17: 46195 | E17: N/A - Permanent | F17: Signalling | G17: • Bachelor of Engineering Degree (Electrical, Electronics and Communication, Mechatronics, Software, Computer Systems, Communications) | H17: Kevin Lean 20-00068186 | I17: Graham Norris, Onyx Signalling Services | J17: Principle Signalling Engineer | K17: 46195
B18: CO/0016 | C18: Active | D18: 46202 | E18: 46933 | F18: All Disciplines | G18: Record of Relevant Experience (RORE) – 7 Years | H18: David Cresswell 20-00193792 | I18: Kurt Uerbergang, IR | J18: Area Director N2N | K18: 46202
B19: CO/0017 | C19: Active | D19: 46209 | E19: N/A - Permanent | F19: Signalling | G19: One from below: • Graduate Diploma of Railway Signalling or equivalent • Bachelor/Advanced/Diploma of Electrical Engineering or equivalent • Bachelor/Advanced/Diploma of Electrical Systems Engineering or equivalent • Advanced/Diploma of ESI Power Systems or equivalent • Certificate IV in Electrical Rail Signalling or equivalent | H19: Nathan Rice | I19: Graham Norris, Onyx Signalling Services | J19: Principle Signalling Engineer | K19: 46209
B20: CO/0018 | C20: Active | D20: 46239 | E20: N/A - Permanent | F20: Signalling | G20: UEERS0021 Assemble and wire electrical rail signalling equipment or equivalent UEERS0024 Install and maintain rail track circuit leads and bonds or equivalent UEERS0037 Test copper rail signalling cables or equivalent | H20: Magnus Vandapeer | I20: Chris Miller - Egis Group | J20: Principal Signalling Engineer | K20: 46239
B21: CO/0019 | C21: Not Required
B22: CO/0020 | C22: Active | D22: 46217 | E22: N/A - Permanent | F22: Signalling | G22: R1 Electrical Licence | H22: Matthew Taylor | I22: Graham Norris, Onyx Signalling Services | J22: Principle Signalling Engineer | K22: 46217
B23: CO/0021 | C23: Active | D23: 46237 | E23: 47333 | F23: All Disciplines | G23: Civil Design - Designer | H23: Willem (Simon) Woldhuis | I23: Kathryn Barwick, WSP Australia | J23: Principal Track & Civil Engineer | K23: 46237
B24: CO/0022 | C24: Active | D24: 46245 | E24: N/A - Permanent | F24: Signalling | G24: One from below: • Graduate Diploma of Railway Signalling or equivalent • Advanced/Diploma of Electrical Engineering or equivalent • Advanced/Diploma of Electrical Systems Engineering or equivalent • Advanced/Diploma of ESI Power Systems or equivalent | H24: Francis Rault | I24: Graham Norris, Onyx Signalling Services | J24: Principal Signalling Engineer | K24: 46245
B25: CO/0023 | C25: Active | D25: 46246 | E25: N/A - Permanent | F25: All Disciplines | G25: Bachelor of Engineering Degree | H25: Paul Dunning | I25: Bryce Smith, ARTC | J25: Senior Manager Technology Services and Operation | K25: 46246
B26: CO/0024 | C26: Active | D26: 46248 | E26: N/A - Permanent | F26: Signalling | G26: Bachelor of Engineering Degree (Electrical, Electronics and Communication, Mechatronics, Software, Computer Systems, Communications) | H26: Todd Denholm | I26: John Budden - Sigtech Solutions | J26: Senior Manager Technology Services and Operations | K26: 46248
B27: CO/0025 | C27: Active | D27: 46259 | E27: 46247 | F27: All Disciplines | G27: 7 years’ experience – Project Engineer Path 2 | H27: Thiran Nalawattage | I27: Kurt Uerbergang, IR | J27: Manager Engineering Services | K27: 46259
B28: CO/0026 | C28: Active | D28: 46265 | E28: N/A - Permanent | F28: Signalling | G28: R1 Electrical Licence | H28: John Bainbridge | I28: Christopher Miller, Omada Rail/Egis Group | J28: Principal Signalling Engineer | K28: 46265
B29: CO/0027 | C29: Active | D29: 46258 | E29: N/A - Permanent | F29: Signalling | G29: Advanced/Diploma of Electrical Engineering or equivalent | H29: Nicholas Williams | I29: Stuart Graymore, Sigtech Solutions | J29: Principle Signalling Engineer | K29: 46258
B30: CO/0028 | C30: Not Required
B31: CO/0029 | C31: Active | D31: 46279 | E31: N/A - Permanent | F31: All Disciplines | G31: Tertiary Qualification - Engineering Bachelor Degree (Design) | H31: Mark Robisnon | I31: Ali Ghiasi, ARTC | J31: Principal Track Engineer | K31: 46279
B32: CO/0030 | C32: Active | D32: 46279 | E32: N/A - Permanent | F32: Signalling | G32: Tertiary Qualification - Engineering Bachelor Degree (Signalling) | H32: Jarred Neave | I32: John Budden - Sigtech Solutions | J32: Principal Signalling Engineer | K32: 46279
B33: CO/0031 | C33: Active | D33: 46279 | E33: N/A - Permanent | F33: Signalling | G33: Bachelor of Engineering Degree (Electrical, Electronics and Communication, Mechatronics, Software, Computer Systems, Communications) | H33: Abhishek Kumar Mishra | I33: Selva Nithianandan, ARTC | J33: Principal Signalling Engineer | K33: 46279
B34: CO/0032 | C34: Active | D34: 46304 | E34: N/A - Permanent | F34: Structures | G34: • TLIB3087 Examine timber structures • TLIB3088 Examine steel structures • TLIB3098 Examine concrete/masonry structures | H34: Liam Coleman | I34: Ali Ghiasi, ARTC | J34: A/Manager Engineering Services | K34: 46304
B35: CO/0033 | C35: Active | D35: 46321 | E35: 46631 | F35: Signalling | G35: • Graduate Diploma of Railway Signalling or equivalent • Bachelor/Advanced/Diploma of Electrical Engineering or equivalent • Bachelor/Advanced/Diploma of Electrical Systems Engineering or equivalent • Advanced/Diploma of ESI Power Systems or equivalent • Certificate IV in Electrical Rail Signalling or equivalent • IRSE Designer Licence/ IRSE Design Verifier Licence | H35: Muthukumaran Mariyappan | I35: Inderjit Lail, ISLink Pty Ltd | J35: Principle Signalling Engineer | K35: 46321
B36: CO/0034 | C36: Active | D36: 46332 | E36: N/A - Permanent | F36: Signalling | G36: Bachelor of Engineering Degree (Electrical, Electronics and Communication, Mechatronics, Software, Computer Systems, Communications) | H36: John Love | I36: Graham Norris, Onyx Signalling Services | J36: Principle Signalling Engineer | K36: 46332
B37: CO/0035 | C37: Awaiting

Sheet Administration
A1: Engineering Waiver Approval Register Engineering Procedure EGP-02-01
A2: Administration
A3: Waiver No. (EWAF) & File Link | B3: Status | C3: Start Date | D3: Expiry Date | E3: Close Out Date | F3: ARTC Corridor | G3: Line / Location | H3: Relevant Standard | I3: Clause or Section | J3: Waiver Description | K3: Originator (& company if not ARTC) | L3: Approved By | M3: Approval Date | N3: Closed Out By
A4: 500/AD/180305/001 | B4: Not Required | J4: Defects report forms TER01, TER02 to be replaced with new defect form | K4: Philip Lim
A5: 800/AD/120505/002 | B5: Closed | C5: 38484 | D5: 12 months from individual's expiry date | E5: 38868 | F5: ALL NSW | J5: Extend recertification period for 7 task classifications on the attached list for 12 months. Only those shown as 1 or 2 years. | K5: Tim Calver | L5: John Cowie | M5: 38485 | N5: Tim Calver 31/05/2006
A6: 800/AD/120505/002(a) | B6: Closed | C6: 38867 | D6: Additional 6 months (to a total of 18 months) from individual's expiry date | E6: 39050 | F6: ALL NSW | J6: Extend recertification period for 6 task classifications on the attached list (with the exception of RIC28 Perform Ultrasonic Testing) for an additional 6 months from the original 12 month extension as per waiver 800/AD/120505/002 | K6: Tim Calver | L6: John Cowie | M6: 38859 | N6: Nicole Highfield (29/11/2006
A7: 300/AD/210905/003 | B7: Closed | C7: 38616 | D7: 38990 | E7: 38874 | F7: NSW | G7: Hunter Valley & North Coast | H7: PP166, TEP14 | J7: To permit Hunter Valley and North Cost corridors to use the North Coast Exceedent form in lieu of the Defect Report Form from PP-166 and TEP 14: Form 1. | K7: Bob Taylor & John Ogilvy | L7: John Cowie | M7: 38621 | N7: Bob Taylor 06/06/2006
A8: 200/AD/210905/004 | B8: Closed | C8: 38775 | D8: 40908 | E8: TBA | F8: ALL NSW | H8: TEP04, TER04 | J8: To permit use of a Siding Inpsection form not provided in ARTC Standards. | K8: Hassan Elaina | L8: John Cowie | M8: 38776 | N8: Mike van de Worp 11/01/2012
A9: 200/AD/220206/005 | B9: Closed | C9: 38775 | D9: 38868 | E9: 38874 | F9: NSW | G9: Hunter Valley & North Coast | H9: TEP14, TEP04, TEP05 | J9: To permit use use of report "Routine Maintenance - Scheduled Work Orders" in lieu of TEP 14 form 1 for detail walk, (TEP 04), Track patrol and Front of train examination (TEP 14), TEP 05 and others | K9: Bob Taylor | L9: John Cowie | M9: 28/02/2006 and amendment 04/04/2006 | N9: Bob Taylor 06/06/2006
A10: 800/AD/300606/006 | B10: Closed | C10: 38898 | D10: 39081 | E10: 39092 | F10: ALL NSW | J10: Extend recertification period for RIC28 Perform Ultrasonic Testing for 6 months (further to original 12 month extension in waiver 800/120505/002) | K10: Nicole Highfield | L10: John Cowie | M10: 38898 | N10: Nicole Highfield
A11: 800/AD/301106/007 | B11: Closed | C11: 39416 | D11: 39202 | E11: 39255 | F11: ALL NSW | J11: Extend recertification period for two welding task classifications (TDTW401A Weld using Aluminothermic Welding Technique and RIC54W Weld using flux core arc Welding Processes) until end April 2007 due to early onset of fire bans in NSW. This is an extension of wavier 800/AD/120505/002(a) for these two welding task classifications only. Condition: Team Managers to check that all affected staff have been consistently working to appropriate standards and procedures since last accredited. | K11: Nicole Highfield | L11: John Cowie | M11: 39049 | N11: Nicole Highfield
A12: 800/AD/280207/008 | B12: Closed | C12: 39142 | D12: 41090 | E12: 41162 | F12: All NSW | H12: TMS11 | I12: 5 | J12: Use local databases to print TES inspection forms pre-populated with details of the infrastructure being examined, providing the form includes a provision to record all details specified of the standard inspection form wherever specified. | K12: Trevor Watkins | L12: John Cowie | M12: 39143 | N12: John Furness 10/09/2012
A13: 600/AD/040407/009 | B13: Not Required
A14: 800/AD/280508/010 | B14: Closed | C14: 39600 | D14: 40600 | E14: 40644 | F14: ALL NSW | H14: AS4292 | I14: 2.7.2 | J14: When non ARTC badged safeworking forms are encountered, the safeworking form is to be amended to show "ARTC" and utilised. | K14: Milton Bryan | L14: Barry Walding | M14: 39602 | N14: Greg Watson & John Furness
A15: 850/AD/130509/011 | B15: Not Required
A16: 850/AD/130509/012 | B16: Completed | C16: 39946 | D16: N/A | E16: 40940 | F16: CRN | H16: PP-166 | J16: Report signal faults/failures/incidents on the same incident form as that used to report closeout details for TCR's and not PP166F-01 when entering defect details into WMS | K16: Trevor Watkins | L16: John Furness | M16: 40016 | N16: Mike van de Worp 1/02/2012
A17: 850/AD/260609/013 | B17: Closed | C17: 39995 | D17: 40359 | E17: 40379 | F17: CRN | H17: TEP 11 | I17: 2 | J17: Use local databases to print TrackStab Field Sheets - (these forms are not exactly the same as currently approved forms), until the track alignment and monument data on these forms is input into the TrackStab database. | K17: Trevor Watkins | L17: John Furness | M17: 40001 | N17: Scott Chapman
A18: 200/AD/250809/014 | B18: Not Required
A19: 850/AD/291009/015 | B19: Closed | C19: 39829 | D19: 41090 | E19: 40940 | F19: CRN | H19: RAP 5391 | I19: Appendix 1 | J19: Use of the Weekly Return - Aluminothermic Welding / Adjustment RAP form as specified in the standard RAP 5391 Issue 1, Revision 1, and Dated 16 Jan 2009 to be deferred till the current stock of the printed forms are used. | K19: Arun Jogal | L19: John Furness | M19: 11/01/2010 01/10/2010
A20: AD/0001 | B20: Completed | C20: 43665 | D20: N/A - Permanent | E20: 45987 | F20: Inland Rail | G20: N/A | H20: EGP-04-01 | I20: Section 2.1 & 3.1 | J20: This waiver allows each CAD file to be self-contained with no external links or references which may result in an incomplete file being accessible for future use. This may only be excepted if CAD files are provided unbound in a self-contained package as a zip file and it can be established that the reference file paths in each drawing sheet are able to be resolved when the unbound drawing package is unzipped to a single folder. | K20: Dylan Weeks | L20: Phillip Campbell | M20: 43665 | N20: Melanie Mackie
A21: AD/0002 | B21: Closed | C21: 43710 | D21: 44012 | E21: 44055 | F21: Albury to Serviceton | G21: N/A | H21: EGP-03-01 | I21: Section 3.4 Para 3 | J21: As an initiative from the ARTC Business Improvement, it was recommended that a trial commence to comply with the following: Replacing an item with an approved alternative item is a configuration change. A NAN is not required when replacing an item with an approved alternative item that does not result in any changes to the operational capability, configuration or safe-working requirements of the ARTC Network; however, distribution of the change information is required so that records can be updated. Where the change occurs because of an MPM or CAP project, the change shall be described in the Configuration Management Plan section of the Project documents and a copy of the Change Configuration List shall be completed and appended to the Project documentation | K21: Fiona Boyle | L21: Phillip Campbell | M21: 43710 | N21: Peter Haskard & Phil Campbell (12/08/2020)
A22: AD/0003 | B22: Completed | C22: 43837 | D22: NA/ Permanent | E22: 45987 | F22: Inland Rail | G22: N/A | H22: EGP-04-01 | I22: Section 3.1 & 3.7 | J22: This waiver enables the digital acceptance of drawings through an electronic approval process in accordance with the Inland Rail procedures that are compliant with the Electronic Transactions Acts of the respective Commonwealth and State jurisdictions. It provides acceptance that is functionally equivalent to the use of signatures is beneficial to ARTC in the following ways: • Improve business outcomes through the removal of inefficiencies. • Provide the workforce with greater flexibility. • Enforce greater accountability over current drawing acceptance processes. The use of digital acceptance also aligns with ARTC company values Future Thinking, Active Engagement and Results in identifying a method to innovate existing processes through collaboration and the use of technology. Furthermore, digital acceptance meets the requirement of the National Archives of Australia Digital Continuity 2020 Policy for the information of Commonwealth agencies (including interactions, decisions and authorisations) to be managed and recorded digitally. There is no cost of procurement or expense outlay, as the electronic approval process for digital acceptance is within a module of the Aconex system that has been purchased but remains underutilised. The assessment against financial risk was found to be of net benefit due to improved organisational performance, operational time gains and removal of the requirement for purchasing additional software to facilitate signature approvals. | K22: Dylan Weeks | L22: Phillip Campbell | M22: 43837 | N22: Melanie Mackie
A23: AD/0004 | B23: Closed | C23: 43867 | D23: 44286 | E23: 44285 | F23: Telarah to Acacia Ridge / Kalgoorlie to Serviceton and Ivanhoe / Sydney to Ivanhow and Albury (SIA) and Melbourne to Serviceton and Albury (MSA) | G23: N/A | H23: EGP-10-01 | I23: 4.1 | J23: This waiver enables Continuous Ultrasonic Inspections to be managed under the terms of a contract instead of a Maintenance Scheduled Task (MST) in the Asset Management System Ellipse. Close out Statement: This waiver is no longer required. MST's are configured in Ellipse and monitored via Compliance Reporting, MST Verification Reporting and periodic testing coverage reports. Additionally, programmed Assurance Reviews continue. | K23: Matt Walker | L23: Phillip Campbell | M23: 43867 | N23: Adam Causley and Phillip Campbell
A24: AD/0005 | B24: Closed | C24: 44475 | D24: 44864 | E24: 44869 | F24: Hunter Valley | G24: Ulan Branch Line 289.000km to 289.400km | H24: EGP-04-01 | I24: 3.7 | J24: This waiver will allow for ARTC acceptance of drawings to be provided through the release of a Hold Point. ARTC acceptance would be managed through the Contractors quality system with a Hold Point placedon commencement of construction (to which the specific drawings apply). Release of the Hold Point is by ARTC.Documentation required to support the Hold Point release will be the supply of Independantly reviewed and verified IssuedFor Construction drawings. The waiver is applicable for the Muswellbrook Bridge Replacement Project only. Closeout Statement - Muswellbrook Bridge Replacement Project now complete. All IFC Drawings have now been signed as per Clause 3.7 of EGP-04-01, with drawings uploaded to Aconex drawing management system. Evidence of HP release included within project job folder. | K24: Clinton Patterson | L24: Wayne Olsen | M24: 44470 | N24: Sean Cumpson & Melanie Mackie
A25: AD/0006 | B25: Expired | C25: 45301 | D25: 45382 | E25: TBA | F25: Inland Rail | G25: Narrabri to North Star (N2NS) SP1 574784.000 to 760499.564km | H25: EGP-04-01 | I25: 6.2 | J25: This waiver permits for current maintenance/operation activities to utilise ‘As Commissioned’ drawings instead of ‘As Built’ Drawings for a limited time. | K25: Rachel Bradshaw | L25: Melanie Mackie | M25: 45301
A26: AD/0007 | B26: Completed | C26: 45341 | D26: N/A - Permanent | E26: 45987 | F26: North/South | G26: Botany Rail Duplication and Cabramatta Loop Projects only, | H26: EGP-04-01 | I26: 5.1 | J26: This waiver permits a competent ARTC Project Leader (Project Director or Senior Project Manager) to Accept As Commissioned and As Built Drawings on behalf the ARTC. Instead of the applicable discipline project / maintenance Engineer for the Botany Rail Duplication and Cabramatta Loop Projects only | K26: Christine Tsao | L26: Melanie Mackie | M26: 45341 | N26: Melanie Mackie
A27: AD/0008 | B27: Active | C27: 45496 | D27: 46088 | E27: TBA | F27: N/A | G27: North/South | H27: EGP-04-01 | I27: 4.4, 5.1 and 5.6 | J27: This waiver permits for geotechnical designs that are related to AWP (Annual Works Plan) and incident Projects. A competent ARTC Track &Civil Engineer (holding current Track Design or Civil Design roles in RIW) will accept IFC, As-Commissioned and As-built drawings on behalf of ARTC instead of the applicable discipline engineer. | K27: Curtis McClelland | L27: Melanie Mackie | M27: 45130
A28: AD/0009 | B28: Closed | C28: 45422 | D28: 45534 | E28: 45540 | F28: N/A | G28: All ARTC | H28: EGP-01-01 | I28: Appendix A | J28: This waiver permits the interim arrangement whilst the Head of Operations Standards position is vacant, the responsible approver will be the Headof Engineering Standards until procedure is updated to reflect revised organisational structure / titles. Reason for closeout: Waiver no longer required as EGP-01-01 has been updated to reflect current structure | K28: Svitlana Ivanova | L28: Melanie Mackie & Anthoney Bird | M28: 10/05/2024 Closeout: 05/09/2024 | N28: Chris Rykiert and Melanie Mackie
A29: AD/0010 | B29: Active | C29: 45978 | D29: 47439 | E29: TBA | F29: N/A | G29: N/A | H29: EGP0103F-02 | J29: Hold formal recognition of competence in the following units. - TAEASS412 Assess Competence or Equivalent | K29: Christopher Lewis | L29: Chris Rykiert & Melanie Mackie | M29: 45978
A30: AD/0011 | B30: Active | C30: 46007 | D30: 47467 | E30: TBA | F30: N/A | G30: N/A | H30: EGP0103F-02 | J30: Hold formal recognition of competence in the following units. - TAEASS412 Assess Competence or Equivalent | K30: Rhys Higham | L30: Chris Rykiert & Melanie Mackie | M30: 46007
A31: AD/0012 | B31: Active | C31: 46045 | D31: 47506 | E31: TBA | F31: N/A | G31: N/A | H31: EGP0103F-02 | J31: Hold formal recognition of competence in the following units. - TAEASS412 Assess Competence or Equivalent | K31: Mahrina Munir | L31: Chris Rykiert & Melanie Mackie | M31: 46045
A32: AD/0013 | B32: Active | C32: 46084 | D32: 47515 | E32: TBA | F32: N/A | G32: Statement of TAEASS402 Assess Competence Equivalence | H32: EGP-01-03 | I32: Appendix 2 | J32: Waiver Statement No: 0013-001 Craig Fei / RIW No: 20-00076191 | K32: Craig Fei | L32: Melanie Mackie | M32: 46084
A35: Administration Waivers Summary
A36: Waivers Awaiting Submission or Approval | D36: =COUNTIF(B4:B29,"Awaiting") -> 0
A37: Active Waivers | D37: =COUNTIF(B4:B29,"Active") -> 2
A38: Expired Waivers | D38: =COUNTIF(B4:B29,"Expired") -> 1
A39: Closed Waivers | D39: =COUNTIF(B4:B29,"Closed") -> 15
A40: Not Required | D40: =COUNTIF(B4:B29,"Not Required") -> 4
A41: Sub Total | D41: =SUM(D36:D40) -> 22

Sheet Rolling Stock
A1: Engineering Waiver Approval Register Engineering Procedure EGP-02-01
A2: Rolling Stock
A3: Waiver No. (EWAF) & File Link | B3: Status | C3: Start Date | D3: Expiry Date | E3: Close Out Date | F3: ARTC Corridor | G3: Line / Location | H3: Relevant Standard | I3: Clause or Section | J3: Category | K3: Waiver Description | L3: Originator (&Company if not ARTC) | M3: Approval Date | N3: Closed Out By
A4: 900/RS/240707/001 | B4: Closed | C4: 39287 | D4: 39478 | E4: 39329 | F4: Western Jurisdiction | G4: SA/WA and Vic | H4: ARTC CoP | I4: 7.2.7 | K4: Rolling Stock Outlines A, B, C, D, E, F (Figures 7.2 to 7.7) - reduce minimum above rail clearance from 80mm to 75mm, each side of and between wheels, to be consistent with ARTC NSW Standards. | L4: Ian Domleo | M4: 39288 | N4: Ian Domleo
A5: 800/RS/010707/002 | B5: Completed | C5: 01/07/2007 (alteration effective 3/06/2015) | D5: N/A - Permanent | E5: 45683 | F5: All | G5: All ARTC network | H5: PP-127 | I5: All | K5: RSS rolling stock standards as supplied and used by RailCorp are to be used to maintain ARTC rolling stock based in NSW. This is an extension of a previously approved waiver and is a formalisation of the current practice. Variation detail: The RIC based rolling stock maintenance standards have been used to maintain the NSW based rolling stock fleet since 2004. These standards have a significant depth of information, instruction and reporting forms available which surpass the existing ARTC internal standard PP-127. Updated 3/06/2015 to include rolling stock for all of ARTC network. Conditions of approval: * RSS Rolling Stock standards are referenced in the ARTC RVM. * This waiver will apply until the RVM is approved. | L5: Greg Whelan | M5: 25/07/2007 (alteration effective 3/06/2015) | N5: Melanie Mackie
A6: 700/RS/080610/003 | B6: Not Required
A7: RS/0004 | B7: Active | C7: 45316 | D7: 45945 | E7: TBA | F7: National Rolling Stock | G7: N/A | H7: RSS032 | I7: Section 3 | J7: Rolling Stock | K7: This waiver permits for the replacement of any at-risk wheel sets in a timely manner and in line with scheduled routine maintenance. | L7: Greg Whelan | M7: 45316 | N7: TBA
A10: Rolling Stock Waivers Summary
A11: Waivers Awaiting Submission or Approval | D11: =COUNTIF(B4:B7,"Awaiting") -> 0
A12: Active Waivers | D12: =COUNTIF(B4:B7,"Active") -> 1
A13: Expired Waivers | D13: =COUNTIF(B4:B7,"Expired") -> 0
A14: Closed Waivers | D14: =COUNTIF(B4:B6, "closed") -> 1
A15: Not Required | D15: =COUNTIF(B4:B6, "not required") -> 1
A16: Sub Total | D16: =SUM(D10:D15) -> 3

Sheet Bridges & Structures
A1: Engineering Waiver Approval Register Engineering Procedure EGP-02-01
A2: Bridges & Structures
A3: Waiver No. (EWAF) & File Link | B3: Status | C3: Start Date | D3: Expiry Date | E3: Close Out Date | F3: ARTC Corridor | G3: Line / Location | H3: Relevant Standard | I3: Clause or Section | J3: Category (T&C CoP) | K3: Waiver Description | L3: Originator (& Company if not ARTC) | M3: Approval Date | N3: Closed Out By
A4: RIC04/233 | B4: Closed | C4: 31/03/2004 | D4: 31/08/2004 | E4: 04/10/2006 | F4: NSW North West | K4: Extension of time for Mag Particle Testing (MPT) of critical cross girder end connection and lattice truss splices. CTN 03/03 For WI truss bridge | M4: Ben Chung | N4: Peter Prasad
A5: RIC04/236 | B5: Closed | C5: 21/05/2004 | D5: 30/06/2005 | E5: 04/10/2006 | F5: All NSW | K5: Extension of time for detailed examination of footbridges and subways | M5: Ben Chung | N5: Peter Prasad
A6: RIC04/256 | B6: Closed | C6: 01/07/2004 | D6: 31/12/2005 | E6: 04/10/2006 | F6: NSW North Coast | K6: Allow use of 'hybrid' girders on trial basis | M6: Ben Chung | N6: Peter Prasad
A7: RIC04/223 | B7: Completed | C7: 01/10/2003 | D7: N/A | E7: TBA | F7: NSW North West | J7: Structures | K7: Transoms with reduced thickness on Woolbrook truss bridge. C 4005, C3108 (undersized transoms) | M7: Ben Chung | N7: Mike van de Worp 1/02/2012
A8: RIC04/252 | B8: Completed | C8: 31/08/2004 | D8: N/A | E8: TBA | F8: Hunter Valley | J8: Structures | K8: Guard rails not required on underbridge | M8: Ben Chung
A9: RIC04/251 | B9: Completed | C9: 01/10/2003 | D9: N/A - Permanent | E9: 46717 | F9: NSW South | G9: Cootamundra | J9: Structures | K9: Allow reduction in minimum depth of cover below rail from 1.6m to 0.76m for third party stormwater pipe | M9: Ben Chung | N9: Melanie Mackie
A10: RIC04/226 | B10: Completed | C10: 01/04/2004 | D10: N/A | E10: TBA | F10: NSW South | K10: Allow installation of non-standard private level crossing on the non-operational section of the Main North line at Exmouth | M10: John Stapleton | N10: Phil Campbell 13/04/2012
A11: RIC03/163 | B11: Completed | C11: 01/12/2002 | D11: N/A | E11: TBA | F11: NSW West | K11: Allow installation of non-standard level crossing on the non-operational section of the Barraba line | M11: John Stapleton | N11: Mike van de Worp 1/02/2012
A12: TAS99/20 | B12: Completed | C12: 29/11/1999 | D12: N/A | E12: TBA | F12: NSW South | K12: Allow two (2) new level crossings Henty to Rand | M12: John Stapleton | N12: Mike van de Worp 1/02/2012
A13: 200/BS/290705/001 | B13: Closed | C13: 13/10/2005 | D13: 12/10/2030 | E13: TBA | F13: Hunter Valley | H13: ETA-02-01, TPS03 | K13: Allow use of ACQ Treated Bridge Transoms at Oakhampton 119.17 km (319 transoms) and 199.45 km (145 transoms) | L13: Robert Taylor | M13: 14/10/2005 | N13: Phil Campbell 13/04/2012
A14: 200/BS/160905/002 | B14: Not Required
A15: 200/BS/160905/003 | B15: Not Required
A16: 200/BS/110805/004 | B16: Closed | C16: 01/10/2006 | D16: 31/12/2006 | E16: 01/02/2007 | F16: Hunter Valley | H16: BDS12 | K16: Require to place a demarcation fence from Bypass Tracks to Flyover construction area. Fence 1.8m high continuous and 2.5 from main track centreline. Waiver required from BDS 12. | L16: Mike Parsons | M16: 20/01/2008 | N16: Mike Parsons
A17: 700/BS/1711005/005 | B17: Not Required
A18: 200/BS/181105/006 | B18: Closed | C18: 18/11/2005 | D18: 30/06/2011 | E18: TBA | F18: All NSW | H18: BDS04 | K18: Walkways do not comply to ITSRR and BDS04 requirements. | L18: Robert Taylor | M18: 25/11/2005 | N18: Phil Campbell 13/04/2012
A19: 400/BS/010106/007 | B19: Closed | C19: 01/01/2006 | D19: 01/01/2010 | E19: 09/03/2010 | F19: NSW North Coast | H19: BDS14, BDS15 | K19: Manning River Bridge, Mt George, Taree - design infringement (BDS 14 & BDS 15). Allow installation of 180mm transoms & 60kg rail to a clearance of 68mm wihtin kinematic envelope. | L19: John Ogilvy | M19: 19/12/2005 | N19: John Ogilvy
A20: 200/BS/010306/008 | B20: Closed | C20: 01/03/2006 | D20: 30/04/2006 | E20: 10/04/2006 | F20: Hunter Valley | H20: TMS11 | K20: Allow 30 day past lattitude for Steel Bridge Inspection (Hunter Valley 170.400 - 292.391km) | L20: Robert Taylor | M20: 30/01/2006 | N20: Renewal
A21: 200/BS/010306/008(a) | B21: Closed | C21: 11/04/2006 | D21: 28/05/2006 | E21: 28/09/2006 | F21: Hunter Valley | H21: TMS11 | K21: Extend Steel Bridge Inspections latitude to 28 May 2006. 05-06 cycle only. (Kooragang Hunter River 170.400km and Iron Bark Creek Mains 172.320km) | L21: Robert Taylor | M21: 24/04/2006 | N21: Robert Taylor
A22: 700/BS/230306/009 | B22: Not Required | N22: Anthony Godfrey
A23: 400/BS/130406/010 | B23: Completed | C23: 10/01/2007 | D23: N/A | E23: N/A | F23: NSW North West | H23: BEP01 | K23: Span 43 on the Tamworth Viaduct is a Broad Flanged Beam over a roadway which requires a monthly inspection by the Bridge Examiner per BEP 01. This waiver is to extend the inspection cycle time from monthly to yearly to coincide with the detailed inspection of the wrought iron span over the Peel River. | L23: Paul Wallace | M23: 25/05/2006 | N23: Mike van de Worp 1/02/2012
A24: 200/BS/190506/011 | B24: Completed | C24: 26/05/2006 | D24: N/A - Permanent | E24: 45987 | F24: Hunter Valley | H24: BDS11 | J24: Structures | K24: Muswellbrook - Ulan Line - 327.079km - to allow infringement of the 200mm safety clearance between the Kinetic Envelope (BDS 11) and the bridge structure by 65mm leaving a safety clearance of 135mm. This will negate the need to notch bridge transoms and allow transoms (170mm thick) to suit 30TAL operations. | L24: Jason Walsh | M24: 22/05/2006 | N24: Melanie Mackie
A25: 800/BS/060706/012 | B25: Completed | C25: 05/07/2006 | D25: N/A | E25: N/A | F25: All NSW | H25: BDS05 | I25: Section 5 | J25: Structures | K25: To waive requirement for existing guard rails to be fastened on both sides to every transom per BDS 05. Guard rails on all new bridges and bridges being retransomed shall comply to BDS 05. Condition: Existing guard rails to be fastened to transoms at least every third transom on both sides. | L25: Peter Prasad | M25: 06/07/2006 | N25: Manager Standards
A26: 800/BS/010906/013 | B26: Not Approved | C26: 10/01/2007 | D26: 31/12/2007 | E26: TBA | F26: All NSW | H26: TMS11 | J26: Structures | K26: To exempt the mid-term examination of all the bridges and structures in NSW that have undergone engineering inspection until the new Inspection Technical Standard is implemented. Waiver Approval Condition: Waiver only applies to those structures where detailed engineering inspections by qualified structures engineers have been done | L26: Peter Prasad | M26: 10/01/2007
A27: 800/BS/051206/014 | B27: Not Required | J27: Structures
A28: 700/BS/030107/015 | B28: Not Required | J28: Structures
A29: 700/BS/130307/016 | B29: Completed | C29: 09/05/2007 | D29: N/A | E29: N/A | F29: NSW South | H29: BDS 05 | I29: 4 | J29: Structures | K29: To allow new underbridge at Wagga Wagga (Red Hill Road) 525.922km on Main South to be constructed, commissioned and used with spans >20m but without guard rails (bridge span is 21.5m) | L29: Stephen Dunshea, Wagga City Council | M29: 09/05/2007 | N29: GM TS&E 13/04/2013
A30: 700/BS/250507/017 | B30: Closed | C30: 23/05/2007 | D30: 31/05/2009 | E30: 12/03/2010 | F30: NSW South | H30: BSS 01 | I30: 3 | J30: Structures | K30: The maximum spacing of refuges is to be 20,000mm. The existing spacing is 25,000mm and 27,000mm respectively on the Burbong Bridge (311.987km). Allow refuges at the increased distances as the existing refuge supports are part of the existing structure and cannot be moved without major alterations to the bridge structure | L30: Boris Marynycz | M30: 22/05/2007 | N30: Trevor Watkins / Scott Chapman
A31: 500/BS/190607/018 | B31: Closed | C31: 19/06/2007 | D31: 31/12/2010 | E31: 18/10/2010 | F31: All NSW | H31: TMS11 | J31: Structures | K31: To permit Bridge Examiners not previously involved with visual examinations rather than Structures Rep to undertake the mid-term inspections of all the bridges and structures in NSW. This inspection will no longer be required when the new Inspection Technical Standard is implemented | L31: Brett Pay | M31: 19/06/2007 | N31: John Furness
A32: 100_BS_270707_019 | B32: Closed | C32: 19/07/2007 | D32: 24/12/2007 | E32: 24/12/2007 | F32: Western Jurisdiction | H32: ETG-10-01 | I32: 10.7.4 | J32: Structures | K32: There are several hundred culverts that are blocked more than 20% and regularly get re-blocked because of inadequate headwalls or because the inverts are too low and they collect silt after every flow. The response time of 28 days is not practicable. This waiver is to allow a listing on the fault database when > 30% blocked, reinspect or repair within 90 days. If the culvert is greater than 900mm diameter (or equivalent) repair within 28 days when greater than 50% blocked. Undertake unscheduled inspections of the track during high intensity rain events along with unscheduled inspections following public advice of flooding or potential washaway locations. | L32: David Dowd | M32: 30/07/2007 | N32: Ben Leske
A33: 600/BS/270807/020 | B33: Closed | C33: 01/09/2007 | D33: 01/09/2015 | E33: TBA | F33: Melbourne to Sydney | G33: Main South Line | H33: ETC-00-01 ARTC CoP | I33: Sec 1.10 App E 7.2.1 | J33: Track & Civil Management System / Rail / Structures | K33: General waiver to allow structural outline for rollingstock outlines C&D (in lieu of structural outline for rollingstock outline F) when designing clearances to Signals between tracks (due to adjacent broad gauge tracks it is not possible to wrong side signals and gantries are cost prohibitive). Waiver valid until 2015 as it is currently envisaged that ATMS will be introduced by 2015 removing the requirement for line side signals or if outline F is introduced and clearance issues mitigated. | L33: Robert Schweiger SIA | M33: 19/10/2007 amendment 6/11 | N33: Wael Naser and John Furness
A34: 200_BS_060907_021 | B34: Closed | C34: 10/11/2007 | D34: 30/06/2011 | E34: TBA | F34: Hunter Valley | G34: Farley Underbridge | H34: BDS 03 | J34: Structures | K34: Trial new Fibre Composite Transoms on operational line. Refer to attached Research Proposal for Fibre Composite Transom. Controls: Visual Examinations and strain gauging. Refer Special Instruction 200/BS/060907/021 - Technical Maintenance Plan, attached in Appendix D of the proposal report. Approval Condition: Comply with attached special instruction. Renewal Approval Condition: Immediate advice please (by 1/8/2010) regarding the fastening evaluation | L34: Peter Prasad | M34: John Furness 02/11/2007 | N34: Phil Campbell 05/07/2012
A35: 300/BS/120907/022 | B35: Not Required
A36: 700/BS/061107/023 | B36: Not Required
A37: 300/BS/090108/024 | B37: Completed | C37: 09/01/2008 | D37: N/A - Permanent | E37: 45987 | F37: North-South | G37: North Coast - Wingaree, Bonville | H37: BDS 06 | I37: 3.4 | J37: Structures | K37: Clause 3.4 of BDS 06 stipulates that the minimum distance between the inside face of the ballast wall and track centreline is to be 1950mm (4500mm outer to outer deck). It is proposed to use low width, less heavy ballast top decks where distance between inside face of ballast wall and track centreline is 1595mm (3800mm outer to outer deck). The width has been reduced also to provide adequate seating on the existing abutments. See waiver for Controls. | L37: Dale Smith | M37: 04/02/2008 | N37: Melanie Mackie
A38: 300/BS/170108/025 | B38: Not Required
A39: 1500/BS/021208/026 | B39: Not Required
A40: 800/BS/240409/027 | B40: Closed | C40: 01/01/2009 | D40: 30/06/2011 | E40: TBA | F40: All NSW | H40: BDS 05 | K40: To waive requirement of guard rails not complying to technical standards: 1. no guard rails 2. missing tapered nose section ("vee") 3. guard rails not correctly spiked This waiver will close out three separate guard rail waiver - 800/BS/240409/027, 800/TR/041005/015 and 800/TR/041005/016 | L40: Peter Prasad | M40: 17/06/2009 | N40: Phil Campbell 13/04/2012
A41: 300/BS/130509/028 | B41: Completed | C41: 06/06/2009 | D41: N/A | E41: N/A | F41: North-South | G41: North Coast - Oakhampton | H41: BDS 14 | I41: 2.1 | K41: Permit the installation of minimum 170mm thick transoms in 2 of the Truss spans - this will reduce the minimum clearance to the Kinematic envelope to 144mm. | L41: Matthew Barrett | M41: 20/05/2009 | N41: N/A
A42: 200/BS/190510/029 | B42: Not Required
A43: 300/BS/310510/030 | B43: Completed | C43: 12/06/2010 | D43: N/A | E43: N/A | F43: North-South | G43: North Coast / Bonville (594.085 km) | H43: AS 5100 | K43: Permit the installation of new end stringer girders on spans 1 and 2 with load carrying capacity lower than 300LA design loading with full DLA in accordance with AS 5100. The new stringer end connection is designed for 208 LA loading plus full DLA with 1.6 load factor. Approval conditions: Re-evaluate new stringer capacity when any primary Member is strengthened to higher load carrying capacity. | L43: Heath Campbell | M43: 07/06/2012 | N43: John Ogilvy, John Furness & Mike van de Worp
A44: 300/BS/010710/031 | B44: Closed | C44: 30/06/2010 | D44: 01/03/2012 | E44: TBA | F44: North-South | G44: North Coast / Bonville (594.085 km) | H44: ETE-09-02 | I44: 4.1.2 | K44: Permit full track speed across Bridge Structure at Bonville - Pine Creek 594.085km. Approval condition: Comply with proposed controls. | L44: Heath Campbell | M44: 08/07/2010 | N44: Mike van de Worp 17/02/2012
A45: 150/BS/091110/032 | B45: Not Required
A46: NS/TC/0033 | B46: Not Required | F46: North-South | G46: North Coast, Stroud Road | H46: ARTC CoP | I46: 7 | J46: Clearances | K46: This waiver is for the construction of a replacement overbridge at Stroud Road 263.816km at a vertical clearance of 5900mm, matching the existing, in leiu of 7100mm (consistent with other replacement overbridges over the North Coast line) | L46: Sam Fayyadh (John Holland Rail)
A47: ALL NEW BRIDGES & STRUCTURES WAIVERS UNDER 'TRACK' TAB (support T&C CoP Section 9 - Structures)
A49: Bridges & Structures Waivers Summary
A50: Waivers Awaiting Submission or Approval | D50: =COUNTIF(B4:B46, "awaiting") -> 0
A51: Not Approved Waivers | D51: =COUNTIF(B4:B46, "not approved") -> 1
A52: Active Waivers | D52: =COUNTIF(B4:B46, "active") -> 0
A53: Expired Waivers | D53: =COUNTIF(B4:B46, "expired") -> 0
A54: Closed Waivers | D54: =COUNTIF(B4:B46, "closed") -> 16
A55: Not Required | D55: =COUNTIF(B4:B46, "not required") -> 13
A56: Sub Total | D56: =SUM(D50:D55) -> 30

Sheet Electrical
A1: Engineering Waiver Approval Register Engineering Procedure EGP-02-01
A2: Electrical
A3: Waiver No. (EWAF) & File Link | B3: Status | C3: Start Date | D3: Expiry Date | E3: Close Out Date | F3: ARTC Corridor | G3: Line / Location | H3: Relevant Standard | I3: Clause or Section | J3: Waiver Description | K3: Originator (& company if not ARTC) | L3: Approval Date | M3: Closed Out By
A4: ALL/PE/0001 | B4: Closed | C4: 41277 | D4: 42004 | E4: 42116 | F4: East West & North South | G4: EW Mainline Serviceton (468km) to Somerton (22km) and Portland branch line (232-403km). NS Mainline Albury (307km) to Somerton (22km) and Oaklands branch line (195-321km). | H4: TA20 (Rule) & PP139.2F-01 (Form supporting PP-139.2) | I4: TA20 Section 30 Clause 3 & Form PP139.2F-01 | J4: Victrack will be installing and testing Train to base radios in all newly purchased hi-rail patrol vehicles in Victoria in January and February of 2013. In the interim, where time on track is required for hi-rail inspections and patrol’s, hi-rail operators will communicate with train control using mobile phone. Conditions of approval / additional controls to be implemented: • Pre-work brief to include confirmation that mobile phone is serviceable. Reinforce Form PP139.2F-04 section for checking emergency track safety equipment. • Daily check to ensure there is a car phone kit or phone charger in the vehicle and is working order. • Hi-rail operators are to have the list of emergency numbers, and confirm with network controller that they have the list with them (During assessment of the waiver, the function of the emergency button on the radios was assessed). • Satellite phones are to be carried where mobile phone coverage is poor. • Originator of the waiver to get sign off from all hi-rail operators acknowledging these conditions. • Network Controllers to be advised by the Originator that hi-rails will not receive the fleet call until the radios are fitted. --------------------------------------------------------------------------------------- Update: Renewal - Acknowledge and sign off that Risk assessment (From December 2012) is still currrent. (Note if any risks have been identified since the last risk assessment and addressed.) Renewal - Confirmation of reinforcing compliance to waiver controls. ----------------------------------------------------------------------------------------- Update: 3/07/2014 - renewal approved to 31/12/2014 | K4: Sean Adams | L4: 41549 | M4: John Furness & Rob Rath (Acting GM TS) 22/04/2015
A5: HV/EL/0001 | B5: Completed | C5: 42583 | D5: N/A | E5: 45987 | F5: Hunter Valley | G5: Mount Thorley Line | H5: PYS 02 | I5: 4.3 | J5: Variation to which the powerline can cross the track from 450 to 360 | K5: Glencore | L5: 42594 | M5: Melanie Mackie
A6: HV/EL/0002 | B6: Completed | C6: 42583 | D6: N/A | E6: 45987 | F6: Hunter Valley | G6: Kooragang Island - Walsh Point - Heron Road | H6: AS 4799 - 2000 & ETG-17-01 | I6: 6.4.2.1 - 4.1 | J6: Variation from 2.0m below top of rail for cable joint to existing 33kV underground main | K6: Ausgrid | L6: 42605 | M6: Melanie Mackie
A10: Plant & Equipment Waivers Summary
A11: Waivers Awaiting Submission or Approval | D11: =COUNTIF(B4:B6,"Awaiting") -> 0
A12: Active Waivers | D12: =COUNTIF(B4:B6,"Active") -> 0
A13: Expired Waivers | D13: =COUNTIF(B4:B6,"Expired") -> 0
A14: Closed Waivers | D14: =COUNTIF(B4:B6,"Closed") -> 1
A15: Sub Total | D15: =SUM(D10:D14) -> 1

Sheet Plant & Equipment
A1: Engineering Waiver Approval Register Engineering Procedure EGP-02-01
A2: Plant & Equipment
A3: Waiver No. (EWAF) & File Link | B3: Status | C3: Start Date | D3: Expiry Date | E3: Close Out Date | F3: ARTC Corridor | G3: Line / Location | H3: Relevant Standard | I3: Clause or Section | J3: Waiver Description | K3: Originator (& company if not ARTC) | L3: Approval Date | M3: Closed Out By
A4: ALL/PE/0001 | B4: Closed | C4: 41277 | D4: 42004 | E4: 42116 | F4: East West & North South | G4: EW Mainline Serviceton (468km) to Somerton (22km) and Portland branch line (232-403km). NS Mainline Albury (307km) to Somerton (22km) and Oaklands branch line (195-321km). | H4: TA20 (Rule) & PP139.2F-01 (Form supporting PP-139.2) | I4: TA20 Section 30 Clause 3 & Form PP139.2F-01 | J4: Victrack will be installing and testing Train to base radios in all newly purchased hi-rail patrol vehicles in Victoria in January and February of 2013. In the interim, where time on track is required for hi-rail inspections and patrol’s, hi-rail operators will communicate with train control using mobile phone. Conditions of approval / additional controls to be implemented: • Pre-work brief to include confirmation that mobile phone is serviceable. Reinforce Form PP139.2F-04 section for checking emergency track safety equipment. • Daily check to ensure there is a car phone kit or phone charger in the vehicle and is working order. • Hi-rail operators are to have the list of emergency numbers, and confirm with network controller that they have the list with them (During assessment of the waiver, the function of the emergency button on the radios was assessed). • Satellite phones are to be carried where mobile phone coverage is poor. • Originator of the waiver to get sign off from all hi-rail operators acknowledging these conditions. • Network Controllers to be advised by the Originator that hi-rails will not receive the fleet call until the radios are fitted. --------------------------------------------------------------------------------------- Update: Renewal - Acknowledge and sign off that Risk assessment (From December 2012) is still currrent. (Note if any risks have been identified since the last risk assessment and addressed.) Renewal - Confirmation of reinforcing compliance to waiver controls. ----------------------------------------------------------------------------------------- Update: 3/07/2014 - renewal approved to 31/12/2014 | K4: Sean Adams | L4: 41549 | M4: John Furness & Rob Rath (Acting GM TS) 22/04/2015
A8: Plant & Equipment Waivers Summary
A9: Waivers Awaiting Submission or Approval | D9: =COUNTIF(B4:B5,"Awaiting") -> 0
A10: Active Waivers | D10: =COUNTIF(B4:B5,"Active") -> 0
A11: Expired Waivers | D11: =COUNTIF(B4:B5,"Expired") -> 0
A12: Closed Waivers | D12: =COUNTIF(B4:B5,"Closed") -> 1
A13: Sub Total | D13: =SUM(D8:D12) -> 1

Sheet Instructions
A1: Waiver Numbering System (effective November 2018)
A3: Waiver number : | C3: AA/NNNN (Discipline-Number)
A5: Discipline | B5: = | C5: SG - Signalling
C6: EL - Electrical
C7: TC - Track and Civil (including Bridges and Structures)
C8: RS - Rolling Stock
C9: PE - Plant and Equipment
C10: AD - Administration
A12: Number | B12: = | C12: An ascending number that increases with every new waiver (next positive integer)
A16: Old Waiver Numbering System (pre-November 2018)
A18: Waiver number : | C18: AA/AA/NNNN (Corridor-Discipline-Number)
A20: Corridor | B20: = | C20: EW - East West
C21: HV - Hunter Valley
C22: NS - North South
C23: CRN - NSW CRN
C24: ALL - More than one or all Corridors
A26: Discipline | B26: = | C26: SG - Signalling
C27: EL - Electrical
C28: TC - Track and Civil (including Structures)
C29: RS - Rolling Stock
C30: PE - Plant and Equipment
C31: CO - Communications
A33: Number | B33: = | C33: An ascending number that increases with every new waiver (next positive integer)
A37: Old Waiver Numbering System (pre-April 2011)
A39: Section 6.1.1 of PP-169 (Engineering Waiver Approval) states that each new waiver is to have an EWA (Engineering Waiver Approval) number.
B41: Waiver Number: EWAF / CORRIDOR CODE / DISCPLINE CODE / STARTDATE CODE / NUMBER
A43: Where:
A45: EWAF = | C45: Engineering Waiver Approval Form (This is a prefix number required by PP-169)
A47: Corridor Code = | C47: A numerical code indicating the corridor that the waiver refers to (based on work group number codes)
C49: Where | E49: 100 = SA/WA
E50: 150 = Victoria
E51: 200 = NSW - Hunter Valley
E52: 300 = NSW - North Coast
E53: 400 = NSW - North West
E54: 500 = NSW - West
E55: 600 = North-South Corridor
E56: 700 = NSW - South
E57: 800 = All NSW
E58: 850 = CRN
E59: 900 = All ARTC
A61: Discipline Code = | C61: A letter code indicating the discipline that the waiver refers to
C63: Where | E63: TR = Track
E64: SG = Signal
E65: RS = Rolling Stock
E66: BS = Bridges and Structures
E67: AD = Administration Systems (eg Defects, etc)
A69: Start Date Code = | C69: A 6 digit code referring to the start date (or date prepared for approval) for the waiver in the form XXYYZZ
C71: Where | E71: XX = day
E72: YY = month
E73: ZZ = Year
A75: Number = | C75: An ascending number that increases with every new waiver (next positive integer for discipline type)
A77: Worked Example
A78: A simple example would be, say, for the next (first) waiver which is track grinding to start on the 2nd February 2005 in the Hunter Valley, the number would be….
C80: EWAF 200/TR/020205/001
A82: Even though this system is somewhat complicated, if done properly it will aid traceability for all future waivers…
A83: since at a quick glance at the number, the start date, corridor and asset type can be determined without having to read the form.
A85: To obtain a Waiver Number please contact standards@artc.com.au
A86: outlining Corridor, Discipline, Start Date, Network (Lease or CRN) and brief description of waiver required

Sheet Summary Page
A1: Engineering Waiver Approval Register Engineering Procedure EGP-02-01
A2: ACTIVE WAIVERS
B3: Disciplines
B5: =Track!A603 -> Track & Civil Waivers Summary
B6: Waivers Awaiting Submission or Approval | C6: =Track!D604 -> 40
B7: =Track!A605 -> Not Approved Waivers | C7: =Track!D605 -> 0
B8: =Track!A606 -> Active Waivers | C8: =Track!D606 -> 39
B9: =Track!A607 -> Expired Waivers | C9: =Track!D607 -> 0
B10: =Track!A608 -> Closed Waivers | C10: =Track!D608 -> 176
B11: Not Required | C11: =Track!D609 -> 134
B12: =Track!A610 -> Sub Total: | C12: =SUM(C6:C11) -> 389
B15: Bridges & Structures Waivers Summary
B16: Waivers Awaiting Submission or Approval | C16: ='Bridges & Structures'!D50 -> 0
B17: Not Approved Waivers | C17: ='Bridges & Structures'!D51 -> 1
B18: Active Waivers | C18: ='Bridges & Structures'!D52 -> 0
B19: Expired Waivers | C19: ='Bridges & Structures'!D53 -> 0
B20: Closed Waivers | C20: ='Bridges & Structures'!D54 -> 16
B21: Not Required | C21: ='Bridges & Structures'!D55 -> 13
B22: Sub Total | C22: =SUM(C16:C21) -> 30
B25: =Signalling!A559 -> Signal Waivers Summary
B26: Waivers Awaiting Submission or Approval | C26: =Signalling!D560 -> 23
B27: Not Approved Waivers | C27: =Signalling!D561 -> 7
B28: =Signalling!A562 -> Active Waivers | C28: =Signalling!D562 -> 141
B29: =Signalling!A563 -> Expired Waivers | C29: =Signalling!D563 -> 1
B30: =Signalling!A564 -> Closed Waivers | C30: =Signalling!D564 -> 130
B31: Not Required | C31: =Signalling!D565 -> 122
B32: =Signalling!A566 -> Sub Total | C32: =SUM(C26:C31) -> 424
B35: Rolling Stock Waivers Summary
B36: Waivers Awaiting Submission or Approval | C36: ='Rolling Stock'!D11 -> 0
B37: Active Waivers | C37: ='Rolling Stock'!D12 -> 1
B38: Expired Waivers | C38: ='Rolling Stock'!D13 -> 0
B39: Closed Waivers | C39: ='Rolling Stock'!D15 -> 1
B40: Sub Total: | C40: =SUM(C36:C39) -> 2
B43: Plant & Equipment Waivers Summary
B44: Waivers Awaiting Submission or Approval | C44: ='Plant & Equipment'!D9 -> 0
B45: Active Waivers | C45: ='Plant & Equipment'!D10 -> 0
B46: Expired Waivers | C46: ='Plant & Equipment'!D11 -> 0
B47: Closed Waivers | C47: ='Plant & Equipment'!D12 -> 1
B48: Sub Total: | C48: =SUM(C44:C47) -> 1
B50: Administration Waivers Summary
B51: Waivers Awaiting Submission or Approval | C51: =Administration!D36 -> 0
B52: Active Waivers | C52: =Administration!D37 -> 2
B53: Expired Waivers | C53: =Administration!D38 -> 1
B54: Closed Waivers | C54: =Administration!D39 -> 15
B55: Not Required | C55: =Administration!D40 -> 4
B56: Sub Total: | C56: =SUM(C51:C55) -> 22
B58: Total Waivers Awaiting Submission or Approval: | C58: =C6+C16+C26+C36+C51 -> 63 | D58: Awaiting Submission or Require Approval
B59: Total Disapproved Waivers: | C59: =C7+C17+C27 -> 8 | D59: Not approved
B60: Total Active Waivers: | C60: =C8+C18+C28+C37+C52 -> 183 | D60: Currently in Use
B61: Total Expired Waivers: | C61: =C9+C19+C29+C38+C53 -> 2 | D61: Require Action (Renewal or Close-out)
B62: Total Closed Waivers: | C62: =C10+C20+C30+C39+C54 -> 338 | D62: No Longer Req'd
B63: Total Not Required: | C63: =C11+C31+C55+C21 -> 273 | D63: Never submitted or approved
B65: Grand Total of Waivers: | C65: =C12+C22+C32+C40+C56 -> 867
